Workbook
Name asd: COTAÇÕES!$B$1:$K$5
Name asd: 'CURVA ABC'!#REF!
Name asd: 'PLANILHA ORÇAMENTÁRIA'!$B$1:$K$5
Name Print_Area: COTAÇÕES!$B$1:$K$5
Name Print_Area: CPU!$A$2:$G$10
Name Print_Area: 'CURVA ABC'!#REF!
Name Print_Area: 'PLANILHA ORÇAMENTÁRIA'!$B$1:$K$5
Name Print_Titles: COTAÇÕES!$5:$5
Name Print_Titles: 'CURVA ABC'!#REF!
Name Print_Titles: 'PLANILHA ORÇAMENTÁRIA'!$5:$5

Sheet SINAPI-INSUMOS-DES
A1: CODIGO | B1: DESCRICAO DO INSUMO | C1: UNIDADE DE MEDIDA | D1: PRECO MEDIANO R$
A2: 38605 | B2: ABERTURA PARA ENCAIXE DE CUBA OU LAVATORIO EM BANCADA DE MARMORE/ GRANITO OU OUTRO TIPO DE PEDRA NATURAL | C2: UN | D2: 108,21
A3: 11270 | B3: ABRACADEIRA DE LATAO PARA FIXACAO DE CABO PARA-RAIO, DIMENSOES 32 X 24 X 24 MM | C3: UN | D3: 3,54
A4: 412 | B4: ABRACADEIRA DE NYLON PARA AMARRACAO DE CABOS, COMPRIMENTO DE *230* X *7,6* MM | C4: UN | D4: 0,92
A5: 414 | B5: ABRACADEIRA DE NYLON PARA AMARRACAO DE CABOS, COMPRIMENTO DE 100 X 2,5 MM | C5: UN | D5: 0,05
A6: 410 | B6: ABRACADEIRA DE NYLON PARA AMARRACAO DE CABOS, COMPRIMENTO DE 150 X *3,6* MM | C6: UN | D6: 0,14
A7: 411 | B7: ABRACADEIRA DE NYLON PARA AMARRACAO DE CABOS, COMPRIMENTO DE 200 X *4,6* MM | C7: UN | D7: 0,18
A8: 408 | B8: ABRACADEIRA DE NYLON PARA AMARRACAO DE CABOS, COMPRIMENTO DE 390 X *4,6* MM | C8: UN | D8: 0,89
A9: 39131 | B9: ABRACADEIRA EM ACO PARA AMARRACAO DE ELETRODUTOS, TIPO D, COM 1 1/2" E CUNHA DE FIXACAO | C9: UN | D9: 3,16
A10: 394 | B10: ABRACADEIRA EM ACO PARA AMARRACAO DE ELETRODUTOS, TIPO D, COM 1 1/2" E PARAFUSO DE FIXACAO | C10: UN | D10: 3,20
A11: 39130 | B11: ABRACADEIRA EM ACO PARA AMARRACAO DE ELETRODUTOS, TIPO D, COM 1 1/4" E CUNHA DE FIXACAO | C11: UN | D11: 2,88
A12: 395 | B12: ABRACADEIRA EM ACO PARA AMARRACAO DE ELETRODUTOS, TIPO D, COM 1 1/4" E PARAFUSO DE FIXACAO | C12: UN | D12: 3,08
A13: 39127 | B13: ABRACADEIRA EM ACO PARA AMARRACAO DE ELETRODUTOS, TIPO D, COM 1/2" E CUNHA DE FIXACAO | C13: UN | D13: 1,52
... A4912: 41776 | B4912: VIGIA NOTURNO, HORA EFETIVAMENTE TRABALHADA DE 22 H AS 5 H (COM ADICIONAL NOTURNO) | C4912: H | D4912: 20,15
A4914: TOTAL DE INSUMOS : 4911

Sheet SINAPI-INSUMOS-ONE
A1: CODIGO | B1: DESCRICAO DO INSUMO | C1: UNIDADE DE MEDIDA | D1: PRECO MEDIANO R$
A2: 38605 | B2: ABERTURA PARA ENCAIXE DE CUBA OU LAVATORIO EM BANCADA DE MARMORE/ GRANITO OU OUTRO TIPO DE PEDRA NATURAL | C2: UN | D2: 108,21
A3: 11270 | B3: ABRACADEIRA DE LATAO PARA FIXACAO DE CABO PARA-RAIO, DIMENSOES 32 X 24 X 24 MM | C3: UN | D3: 3,54
A4: 412 | B4: ABRACADEIRA DE NYLON PARA AMARRACAO DE CABOS, COMPRIMENTO DE *230* X *7,6* MM | C4: UN | D4: 0,92
A5: 414 | B5: ABRACADEIRA DE NYLON PARA AMARRACAO DE CABOS, COMPRIMENTO DE 100 X 2,5 MM | C5: UN | D5: 0,05
A6: 410 | B6: ABRACADEIRA DE NYLON PARA AMARRACAO DE CABOS, COMPRIMENTO DE 150 X *3,6* MM | C6: UN | D6: 0,14
A7: 411 | B7: ABRACADEIRA DE NYLON PARA AMARRACAO DE CABOS, COMPRIMENTO DE 200 X *4,6* MM | C7: UN | D7: 0,18
A8: 408 | B8: ABRACADEIRA DE NYLON PARA AMARRACAO DE CABOS, COMPRIMENTO DE 390 X *4,6* MM | C8: UN | D8: 0,89
A9: 39131 | B9: ABRACADEIRA EM ACO PARA AMARRACAO DE ELETRODUTOS, TIPO D, COM 1 1/2" E CUNHA DE FIXACAO | C9: UN | D9: 3,16
A10: 394 | B10: ABRACADEIRA EM ACO PARA AMARRACAO DE ELETRODUTOS, TIPO D, COM 1 1/2" E PARAFUSO DE FIXACAO | C10: UN | D10: 3,20
A11: 39130 | B11: ABRACADEIRA EM ACO PARA AMARRACAO DE ELETRODUTOS, TIPO D, COM 1 1/4" E CUNHA DE FIXACAO | C11: UN | D11: 2,88
A12: 395 | B12: ABRACADEIRA EM ACO PARA AMARRACAO DE ELETRODUTOS, TIPO D, COM 1 1/4" E PARAFUSO DE FIXACAO | C12: UN | D12: 3,08
A13: 39127 | B13: ABRACADEIRA EM ACO PARA AMARRACAO DE ELETRODUTOS, TIPO D, COM 1/2" E CUNHA DE FIXACAO | C13: UN | D13: 1,52
... A4912: 41776 | B4912: VIGIA NOTURNO, HORA EFETIVAMENTE TRABALHADA DE 22 H AS 5 H (COM ADICIONAL NOTURNO) | C4912: H | D4912: 23,39
A4914: TOTAL DE INSUMOS : 4911

Sheet SUDECAP-INSUMOS-DES
A8: CÓDIGO | B8: ORIGEM | C8: DESCRICAO | D8: UND | E8: VALOR
A9: 50.01.08 | B9: SUDECAP | C9: CHP/VIBROACABADORA DE ASFALTO SOBRE ESTEIRAS, LARG. PAVIM. 2,13 M A 4,55 M POT. 74 KW/100 HP, CAP. 400 T/H | D9: H | E9: 408.17
A10: 50.01.09 | B10: SUDECAP | C10: CHI/VIBROACABADORA DE ASFALTO SOBRE ESTEIRAS, LARG. PAVIM. 2,13 M A 4,55 M POT. 74 KW/100 HP, CAP. 400 T/H | D10: H | E10: 235.37
A11: 50.01.30 | B11: SUDECAP | C11: CHP/USINA DE LAMA ASFÁLTICA COM CAPACIDADE DE 5M3 E POTÊNCIA 30HP OU EQUIVALENTE - EXCLUSIVE CAMINHÃO | D11: H | E11: 45.63
A12: 50.01.31 | B12: SUDECAP | C12: CHI/USINA DE LAMA ASFÁLTICA COM CAPACIDADE DE 5M3 E POTÊNCIA 30HP OU EQUIVALENTE - EXCLUSIVE CAMINHÃO | D12: H | E12: 14.9
A13: 50.01.32 | B13: SUDECAP | C13: CHP/CAMINHAO LAMA ASFALTICA | D13: H | E13: 264.09
A14: 50.01.33 | B14: SUDECAP | C14: CHI/CAMINHAO LAMA ASFALTICA | D14: H | E14: 121.34
A15: 50.01.70 | B15: SUDECAP | C15: CHP/VASSOURA MECANICA (CMV - VM 2440) | D15: H | E15: 15.41
A16: 50.01.71 | B16: SUDECAP | C16: CHI/VASSOURA MECANICA (CMV - VM 2440) | D16: H | E16: 11.39
A17: 50.01.72 | B17: SUDECAP | C17: CHP/FRESADORA WIRTGEN W 100 | D17: H | E17: 1309.87
A18: 50.04.10 | B18: SUDECAP | C18: CHP/BATE ESTACA MAGAN 850 PM, 44 HP | D18: H | E18: 68.56
A19: 50.04.11 | B19: SUDECAP | C19: CHI/BATE ESTACA MAGAN 850 PM, 44 HP | D19: H | E19: 23.5
A20: 50.05.10 | B20: SUDECAP | C20: CHP/BETONEIRA 320 L, SEM CARREGADOR | D20: H | E20: 3.25
... A1684: 99.03.02 | B1684: SUDECAP | C1684: DETERMINAÇÃO DAS CARACTERÍSTICAS GEOMÉTRICAS E ÍNDICE DE ABSORÇÃO EM BLOCOS CERÂMICOS ESTRUTURAIS E DE VEDAÇÃO (NBR 15270:2017) | D1684: UN | E1684: 500

Sheet SUDECAP-INSUMOS-ONE
A8: CÓDIGO | B8: ORIGEM | C8: DESCRICAO | D8: UND | E8: VALOR
A9: 50.01.08 | B9: SUDECAP | C9: CHP/VIBROACABADORA DE ASFALTO SOBRE ESTEIRAS, LARG. PAVIM. 2,13 M A 4,55 M POT. 74 KW/100 HP, CAP. 400 T/H | D9: H | E9: 410.96
A10: 50.01.09 | B10: SUDECAP | C10: CHI/VIBROACABADORA DE ASFALTO SOBRE ESTEIRAS, LARG. PAVIM. 2,13 M A 4,55 M POT. 74 KW/100 HP, CAP. 400 T/H | D10: H | E10: 238.16
A11: 50.01.30 | B11: SUDECAP | C11: CHP/USINA DE LAMA ASFÁLTICA COM CAPACIDADE DE 5M3 E POTÊNCIA 30HP OU EQUIVALENTE - EXCLUSIVE CAMINHÃO | D11: H | E11: 47.57
A12: 50.01.31 | B12: SUDECAP | C12: CHI/USINA DE LAMA ASFÁLTICA COM CAPACIDADE DE 5M3 E POTÊNCIA 30HP OU EQUIVALENTE - EXCLUSIVE CAMINHÃO | D12: H | E12: 16.84
A13: 50.01.32 | B13: SUDECAP | C13: CHP/CAMINHAO LAMA ASFALTICA | D13: H | E13: 270.63
A14: 50.01.33 | B14: SUDECAP | C14: CHI/CAMINHAO LAMA ASFALTICA | D14: H | E14: 127.88
A15: 50.01.70 | B15: SUDECAP | C15: CHP/VASSOURA MECANICA (CMV - VM 2440) | D15: H | E15: 15.41
A16: 50.01.71 | B16: SUDECAP | C16: CHI/VASSOURA MECANICA (CMV - VM 2440) | D16: H | E16: 11.39
A17: 50.01.72 | B17: SUDECAP | C17: CHP/FRESADORA WIRTGEN W 100 | D17: H | E17: 1313.18
A18: 50.04.10 | B18: SUDECAP | C18: CHP/BATE ESTACA MAGAN 850 PM, 44 HP | D18: H | E18: 71.94
A19: 50.04.11 | B19: SUDECAP | C19: CHI/BATE ESTACA MAGAN 850 PM, 44 HP | D19: H | E19: 26.88
A20: 50.05.10 | B20: SUDECAP | C20: CHP/BETONEIRA 320 L, SEM CARREGADOR | D20: H | E20: 3.25
... A1684: 99.03.02 | B1684: SUDECAP | C1684: DETERMINAÇÃO DAS CARACTERÍSTICAS GEOMÉTRICAS E ÍNDICE DE ABSORÇÃO EM BLOCOS CERÂMICOS ESTRUTURAIS E DE VEDAÇÃO (NBR 15270:2017) | D1684: UN | E1684: 500

Sheet SEINFRA-DES
A1: CÓDIGO | B1: DESCRIÇÃO DO SERVIÇO | C1: UNIDADE | D1: DES | E1: ONE
A2: 8662 | B2: MOBILIZAÇÃO E DESMOBILIZAÇÃO DE OBRA
A3: 8700 | B3: OBRAS EM CENTRO URBANO OU REGIÃO LIMÍTROFE
A4: ED-50394 | B4: MOBILIZAÇÃO E DESMOBILIZAÇÃO DE OBRA EM CENTRO URBANO OU REGIÃO LIMÍTROFE COM VALOR ACIMA DE 3.000.000,01 | C4: % | D4: 0.2 | E4: 0.2
A5: ED-50392 | B5: MOBILIZAÇÃO E DESMOBILIZAÇÃO DE OBRA EM CENTRO URBANO OU REGIÃO LIMÍTROFE COM VALOR ATÉ O VALOR DE 1.000.000,00 | C5: % | D5: 0.5 | E5: 0.5
A6: ED-50393 | B6: MOBILIZAÇÃO E DESMOBILIZAÇÃO DE OBRA EM CENTRO URBANO OU REGIÃO LIMÍTROFE COM VALOR ENTRE 1.000.000,01 E 3.000.000,00 | C6: % | D6: 0.3 | E6: 0.3
A7: 8701 | B7: OBRA DISTANTE DE CENTRO URBANO
A8: ED-50391 | B8: MOBILIZAÇÃO E DESMOBILIZAÇÃO OBRA DISTANTE DE CENTRO URBANO COM ACIMA DE 3.000.000,01 | C8: % | D8: 1 | E8: 1
A9: ED-50390 | B9: MOBILIZAÇÃO E DESMOBILIZAÇÃO OBRA DISTANTE DE CENTRO URBANO COM ENTRE 1.000.000,01 E 3.000.000,00 | C9: % | D9: 1.5 | E9: 1.5
A10: ED-50389 | B10: MOBILIZAÇÃO E DESMOBILIZAÇÃO OBRA DISTANTE DE CENTRO URBANO COM VALOR ATÉ O VALOR DE 1.000.000,00 | C10: % | D10: 2 | E10: 2
A11: 8663 | B11: SERVIÇOS PRELIMINARES
A12: 8702 | B12: LIMPEZA DO TERRENO
A13: ED-50701 | B13: CAPINA MANUAL DO TERRENO, EXCLUSIVE RASTELAMENTO E QUEIMA | C13: m2 | D13: 1.18 | E13: 1.31
A14: ED-28163 | B14: DESTOCAMENTO E AFASTAMENTO DE REMANESCENTE ARBÓREO, INCLUSIVE TRANSPORTE E RETIRADA DO MATERIAL ESCAVADO (EM CAÇAMBA) | C14: un | D14: 450.07 | E14: 459.35
A15: ED-50703 | B15: LIMPEZA DE TERRENO, INCLUSIVE CAPINA, RASTELAMENTO COM AFASTAMENTO ATÉ VINTE (20) METROS E QUEIMA CONTROLADA | C15: m2 | D15: 2.08 | E15: 2.32
A16: ED-8143 | B16: RASTELAMENTO DE ÁREA COM AFASTAMENTO DE ATÉ VINTE (20) METROS, EXCLUSIVE CAPINA OU ROÇADA MANUAL | C16: m2 | D16: 0.78 | E16: 0.87
A17: ED-28162 | B17: ROÇADA MANUAL DE TERRENO COM ROÇADEIRA COSTAL, EXCLUSIVE RASTELAMENTO E QUEIMA | C17: m2 | D17: 0.17 | E17: 0.19
A18: 8703 | B18: DESMATAMENTO E DESTOCAMENTO
A19: ED-50702 | B19: DESMATAMENTO, DESTOCAMENTO E LIMPEZA, INCLUSIVE TRANSPORTE ATÉ CINQUENTA (50) METROS | C19: m2 | D19: 0.49 | E19: 0.52
A20: 8704 | B20: SUPRESSÃO DE ÁRVORE
A21: ED-50699 | B21: CORTE DE ÁRVORE COM MOTOSSERRA, DIÂMETRO DO TRONCO ACIMA DE TRINTA (30) CENTÍMETROS ATÉ CINQUENTA (50) CENTÍMETROS, EXCLUSIVE DESTOCAMENTO E AFASTAMENTO | C21: un | D21: 81.72 | E21: 90.47
A22: ED-50697 | B22: CORTE DE ÁRVORE COM MOTOSSERRA, DIÂMETRO DO TRONCO DE QUINZE (15) CENTÍMETROS ATÉ TRINTA (30) CENTÍMETROS, EXCLUSIVE DESTOCAMENTO E AFASTAMENTO | C22: un | D22: 49.03 | E22: 54.28
A23: 8706 | B23: REMOÇÃO DE TELHADO
A24: ED-48438 | B24: REMOÇÃO DE CALHA EM CHAPA GALVANIZADA OU EM PVC, COM REAPROVEITAMENTO, INCLUSIVE AFASTAMENTO E EMPILHAMENTO, EXCLUSIVE TRANSPORTE E RETIRADA DO MATERIAL REMOVIDO NÃO REAPROVEITÁVEL | C24: m | D24: 4.11 | E24: 4.6
A25: ED-48446 | B25: REMOÇÃO MANUAL DE CONDUTOR EM PVC OU METÁLICO, COM REAPROVEITAMENTO, INCLUSIVE AFASTAMENTO E EMPILHAMENTO, EXCLUSIVE TRANSPORTE E RETIRADA DO MATERIAL REMOVIDO NÃO REAPROVEITÁVEL | C25: m | D25: 4.93 | E25: 5.5
A26: ED-48455 | B26: REMOÇÃO MANUAL DE ENGRADAMENTO PARA TELHA TIPO CALHA ESTRUTURAL EM FIBROCIMENTO, COM REAPROVEITAMENTO, INCLUSIVE AFASTAMENTO E EMPILHAMENTO, EXCLUSIVE TRANSPORTE E RETIRADA DO MATERIAL REMOVIDO NÃO REAPROVEITÁVEL | C26: m2 | D26: 9.93 | E26: 11.12
A27: ED-48457 | B27: REMOÇÃO MANUAL DE ENGRADAMENTO PARA TELHA TIPO CERÂMICA OU CONCRETO, INCLUSIVE AFASTAMENTO E EMPILHAMENTO, EXCLUSIVE TRANSPORTE E RETIRADA DO MATERIAL REMOVIDO NÃO REAPROVEITÁVEL | C27: m2 | D27: 19.86 | E27: 22.25
A28: ED-48454 | B28: REMOÇÃO MANUAL DE ENGRADAMENTO PARA TELHA TIPO METÁLICA, PVC OU FIBROCIMENTO, COM REAPROVEITAMENTO, INCLUSIVE AFASTAMENTO E EMPILHAMENTO, EXCLUSIVE TRANSPORTE E RETIRADA DO MATERIAL REMOVIDO NÃO REAPROVEITÁVEL | C28: m2 | D28: 13.24 | E28: 14.83
A29: ED-48506 | B29: REMOÇÃO MANUAL DE RUFO METÁLICO, COM REAPROVEITAMENTO, INCLUSIVE AFASTAMENTO E EMPILHAMENTO, EXCLUSIVE TRANSPORTE E RETIRADA DO MATERIAL REMOVIDO NÃO REAPROVEITÁVEL | C29: m | D29: 6.05 | E29: 6.76
A30: ED-48512 | B30: REMOÇÃO MANUAL DE TELHA EM FIBROCIMENTO, TIPO ONDULADA, COM REAPROVEITAMENTO, INCLUSIVE AFASTAMENTO E EMPILHAMENTO, EXCLUSIVE TRANSPORTE E RETIRADA DO MATERIAL REMOVIDO NÃO REAPROVEITÁVEL | C30: m2 | D30: 11.35 | E30: 12.71
A31: ED-48514 | B31: REMOÇÃO MANUAL DE TELHA CERÂMICA, COM REAPROVEITAMENTO, INCLUSIVE AFASTAMENTO E EMPILHAMENTO, EXCLUSIVE TRANSPORTE E RETIRADA DO MATERIAL REMOVIDO NÃO REAPROVEITÁVEL | C31: m2 | D31: 21.41 | E31: 23.9
A32: ED-48510 | B32: REMOÇÃO MANUAL DE TELHA EM FIBROCIMENTO, TIPO CALHA ESTRUTURAL, COM REAPROVEITAMENTO, INCLUSIVE IÇAMENTO, AFASTAMENTO E EMPILHAMENTO, EXCLUSIVE TRANSPORTE E RETIRADA DO MATERIAL REMOVIDO NÃO REAPROVEITÁVEL | C32: m2 | D32: 23.25 | E32: 24.96
A33: ED-48509 | B33: REMOÇÃO MANUAL DE TELHA METÁLICA OU PVC, COM REAPROVEITAMENTO, INCLUSIVE AFASTAMENTO E EMPILHAMENTO, EXCLUSIVE TRANSPORTE E RETIRADA DO MATERIAL REMOVIDO NÃO REAPROVEITÁVEL | C33: m2 | D33: 7.94 | E33: 8.9
A34: 8707 | B34: DEMOLIÇÃO E REMOÇÃO DE INSTALAÇÃO
A35: ED-48500 | B35: DEMOLIÇÃO MANUAL DE TUBULAÇÕES EMBUTIDAS DE REDE (ÁGUA, ELÉTRICA, GASES, ETC.), INCLUSIVE RASGO EM ALVENARIA, REMOÇÃO DE ACESSÓRIOS DE FIXAÇÃO, AFASTAMENTO E EMPILHAMENTO, EXCLUSIVE TRANSPORTE E RETIRADA DO MATERIAL DEMOLIDO | C35: m | D35: 7.4 | E35: 8.24
A36: ED-48466 | B36: REMOÇÃO MANUAL DE INTERFONE, COM REAPROVEITAMENTO, INCLUSIVE AFASTAMENTO E EMPILHAMENTO, EXCLUSIVE TRANSPORTE E RETIRADA DO MATERIAL REMOVIDO NÃO REAPROVEITÁVEL | C36: un | D36: 38.95 | E36: 43.59
A37: ED-48468 | B37: REMOÇÃO MANUAL DE LUMINÁRIA COMERCIAL, EMBUTIDA OU SOBREPOR, COM REAPROVEITAMENTO, INCLUSIVE AFASTAMENTO E EMPILHAMENTO, EXCLUSIVE TRANSPORTE E RETIRADA DO MATERIAL REMOVIDO NÃO REAPROVEITÁVEL | C37: un | D37: 9.37 | E37: 10.5
A38: ED-48469 | B38: REMOÇÃO MANUAL DE LUMINÁRIA COMPACTA (PLAFON, PAINEL LED, ETC.) EMBUTIDA OU SOBREPOR, COM REAPROVEITAMENTO, INCLUSIVE AFASTAMENTO E EMPILHAMENTO, EXCLUSIVE TRANSPORTE E RETIRADA DO MATERIAL REMOVIDO NÃO REAPROVEITÁVEL | C38: un | D38: 5.46 | E38: 6.12
A39: ED-48499 | B39: REMOÇÃO MANUAL DE REDES DE DUTOS PARA CLIMATIZAÇÃO, INCLUSIVE AFASTAMENTO E EMPILHAMENTO, EXCLUSIVE TRANSPORTE E RETIRADA DO MATERIAL REMOVIDO NÃO REAPROVEITÁVEL | C39: m | D39: 8.22 | E39: 9.16
A40: ED-48515 | B40: REMOÇÃO MANUAL DE TUBULAÇÕES EMBUTIDAS DE REDE (ÁGUA, ELÉTRICA, GASES, ETC.), COM REAPROVEITAMENTO, INCLUSIVE RASGO EM ALVENARIA, REMOÇÃO DE ACESSÓRIOS DE FIXAÇÃO, AFASTAMENTO E EMPILHAMENTO, EXCLUSIVE TRANSPORTE E RETIRADA DO MATERIAL REMOVIDO NÃO REAPROVEITÁVEL | C40: m | D40: 10.66 | E40: 11.89
A41: 8708 | B41: DEMOLIÇÃO DE FORRO
A42: ED-48463 | B42: DEMOLIÇÃO MANUAL DE FORRO DE CHAPA OU PLACA DE GESSO, INCLUSIVE DEMOLIÇÃO DA ESTRUTURA DE SUSTENTAÇÃO, AFASTAMENTO E EMPILHAMENTO, EXCLUSIVE TRANSPORTE E RETIRADA DO MATERIAL DEMOLIDO | C42: m2 | D42: 4.88 | E42: 5.46
A43: 8709 | B43: REMOÇÃO DE FORRO
A44: ED-48460 | B44: REMOÇÃO MANUAL DE FORRO DE PLACAS (GESSO, MINERAL, FIBRA, ISOPOR, COLMEIA, PVC, ETC.), COM REAPROVEITAMENTO, INCLUSIVE AFASTAMENTO E EMPILHAMENTO, EXCLUSIVE DEMOLIÇÃO DA ESTRUTURA DE SUSTENTAÇÃO, TRANSPORTE E RETIRADA DO MATERIAL REMOVIDO NÃO REAPROVEITÁVEL | C44: m2 | D44: 1.84 | E44: 2.06
A45: ED-48459 | B45: REMOÇÃO MANUAL DE FORRO DE PLACAS (GESSO, MINERAL, FIBRA, ISOPOR, COLMEIA, PVC, ETC.), COM REAPROVEITAMENTO, INCLUSIVE DEMOLIÇÃO ESTRUTURA DE SUSTENTAÇÃO, AFASTAMENTO E EMPILHAMENTO, EXCLUSIVE TRANSPORTE E RETIRADA DO MATERIAL REMOVIDO NÃO REAPROVEITÁVEL | C45: m2 | D45: 5.53 | E45: 6.18
A46: ED-48464 | B46: REMOÇÃO MANUAL DE FORRO DE TÁBUAS DE PINHO, COM REAPROVEITAMENTO, INCLUSIVE AFASTAMENTO E EMPILHAMENTO, EXCLUSIVE REMOÇÃO DA ESTRUTURA DE SUSTENTAÇÃO, TRANSPORTE E RETIRADA DO MATERIAL REMOVIDO NÃO REAPROVEITÁVEL | C46: m2 | D46: 8.71 | E46: 9.75
A47: ED-28355 | B47: REMOÇÃO MANUAL ESTRUTURA OU TRAMA DE SUSTENTAÇÃO DE MADEIRA OU METÁLICA PARA FORRO, COM REAPROVEITAMENTO, INCLUSIVE AFASTAMENTO E EMPILHAMENTO, EXCLUSIVE TRANSPORTE E RETIRADA DO MATERIAL REMOVIDO NÃO REAPROVEITÁVEL | C47: m2 | D47: 3.69 | E47: 4.12
A48: 8710 | B48: REMOÇÃO DE ESQUADRIA
A49: ED-48496 | B49: REMOÇÃO MANUAL DE CONJUNTO DE ALIZARES, COM REAPROVEITAMENTO, INCLUSIVE AFASTAMENTO E EMPILHAMENTO, EXCLUSIVE TRANSPORTE E RETIRADA DO MATERIAL REMOVIDO NÃO REAPROVEITÁVEL | C49: cj | D49: 3.09 | E49: 3.45
A50: ED-48458 | B50: REMOÇÃO MANUAL DE CONJUNTO DE FERRAGENS (DOBRADIÇAS, FECHADURA E MAÇANETAS), COM REAPROVEITAMENTO, INCLUSIVE AFASTAMENTO E EMPILHAMENTO, EXCLUSIVE TRANSPORTE E RETIRADA DO MATERIAL REMOVIDO NÃO REAPROVEITÁVEL | C50: un | D50: 18.85 | E50: 21.19
A51: ED-48493 | B51: REMOÇÃO MANUAL DE ESQUADRIA EM MADEIRA, COM REAPROVEITAMENTO, INCLUSIVE REMOÇÃO DE MARCO/ALIZAR/GUARNIÇÕES, AFASTAMENTO E EMPILHAMENTO, EXCLUSIVE TRANSPORTE E RETIRADA DO MATERIAL REMOVIDO NÃO REAPROVEITÁVEL | C51: m2 | D51: 11.85 | E51: 13.2
A52: ED-48497 | B52: REMOÇÃO MANUAL DE ESQUADRIA METÁLICA, COM REAPROVEITAMENTO, INCLUSIVE MARCO/ALIZAR/GUARNIÇÕES, AFASTAMENTO E EMPILHAMENTO, EXCLUSIVE TRANSPORTE E RETIRADA DO MATERIAL REMOVIDO NÃO REAPROVEITÁVEL | C52: m2 | D52: 16.46 | E52: 18.33
A53: ED-48494 | B53: REMOÇÃO MANUAL DE FOLHA DE PORTA OU JANELA DE MADEIRA OU METÁLICA, COM REAPROVEITAMENTO, INCLUSIVE AFASTAMENTO E EMPILHAMENTO, EXCLUSIVE TRANSPORTE E RETIRADA DO MATERIAL REMOVIDO NÃO REAPROVEITÁVEL | C53: m2 | D53: 8 | E53: 8.91
A54: ED-48495 | B54: REMOÇÃO MANUAL DE MARCO EM MADEIRA OU METÁLICO, COM REAPROVEITAMENTO, INCLUSIVE AFASTAMENTO E EMPILHAMENTO, EXCLUSIVE TRANSPORTE E RETIRADA DO MATERIAL REMOVIDO NÃO REAPROVEITÁVEL | C54: un | D54: 16 | E54: 17.97
A55: 8711 | B55: DEMOLIÇÃO DE IMPERMEABILIZAÇÃO
A56: ED-48465 | B56: DEMOLIÇÃO MANUAL DE IMPERMEABILIZAÇÃO E PROTEÇÃO MECÂNICA, INCLUSIVE AFASTAMENTO E EMPILHAMENTO, EXCLUSIVE TRANSPORTE E RETIRADA DO MATERIAL DEMOLIDO | C56: m2 | D56: 24.42 | E56: 27.28
A57: 8712 | B57: REMOÇÃO DE LOUÇA E ACESSÓRIOS
A58: ED-48467 | B58: REMOÇÃO DE LOUÇAS (LAVATÓRIO, BANHEIRA, PIA, VASO SANITÁRIO, TANQUE), COM REAPROVEITAMENTO, INCLUSIVE AFASTAMENTO E EMPILHAMENTO, EXCLUSIVE TRANSPORTE E RETIRADA DO MATERIAL REMOVIDO NÃO REAPROVEITÁVEL | C58: un | D58: 37.99 | E58: 42.58
A59: ED-48470 | B59: REMOÇÃO MANUAL DE METAIS COMUNS E ACABAMENTOS (TORNEIRA, ACABAMENTO PARA REGISTRO, SIFÃO, ENGATE FLEXÍVEL, ETC.), COM REAPROVEITAMENTO, INCLUSIVE AFASTAMENTO E EMPILHAMENTO, EXCLUSIVE TRANSPORTE E RETIRADA DO MATERIAL REMOVIDO NÃO REAPROVEITÁVEL | C59: un | D59: 5.66 | E59: 6.35
A60: ED-48471 | B60: REMOÇÃO MANUAL DE METAIS EMBUTIDOS (BASE DE REGISTRO, VÁLVULA DE DESCARGA, TORNEIRA ANTIVANDALISMO, ETC.), COM REAPROVEITAMENTO, INCLUSIVE AFASTAMENTO E EMPILHAMENTO, EXCLUSIVE TRANSPORTE E RETIRADA DO MATERIAL REMOVIDO NÃO REAPROVEITÁVEL | C60: un | D60: 18.08 | E60: 20.22
A61: 8713 | B61: DEMOLIÇÃO E REMOÇÃO DE DIVISÓRIA E BANCADA
A62: ED-48452 | B62: DEMOLIÇÃO MANUAL DE ALVENARIA/DIVISÓRIA DE ELEMENTOS VAZADOS (COBOGÓ, ETC. ), INCLUSIVE AFASTAMENTO E EMPILHAMENTO, EXCLUSIVE TRANSPORTE E RETIRADA DO MATERIAL DEMOLIDO | C62: m2 | D62: 15.59 | E62: 17.36
A63: ED-48453 | B63: DEMOLIÇÃO MANUAL DE DIVISÓRIA COMERCIAL EM LAMINADO, INCLUSIVE AFASTAMENTO E EMPILHAMENTO, EXCLUSIVE TRANSPORTE E RETIRADA DO MATERIAL DEMOLIDO | C63: m2 | D63: 6.27 | E63: 7.01
A64: ED-8024 | B64: DEMOLIÇÃO MANUAL DE DIVISÓRIA DE MADEIRA, INCLUSIVE AFASTAMENTO E EMPILHAMENTO, EXCLUSIVE TRANSPORTE E RETIRADA DO MATERIAL DEMOLIDO | C64: m2 | D64: 9.56 | E64: 10.7
A65: ED-48437 | B65: REMOÇÃO MANUAL DE BANCADA DE PEDRA (MÁRMORE, GRANITO, ARDÓSIA, MARMORITE, ETC.), COM REAPROVEITAMENTO, INCLUSIVE RASGO EM ALVENARIA, REMOÇÃO DE ACESSÓRIOS DE FIXAÇÃO, AFASTAMENTO E EMPILHAMENTO, EXCLUSIVE TRANSPORTE E RETIRADA DO MATERIAL REMOVIDO NÃO REAPROVEITÁVEL | C65: m2 | D65: 47.42 | E65: 53.08
A66: ED-28348 | B66: REMOÇÃO MANUAL DE DIVISÓRIA EM PEDRA (MÁRMORE, GRANITO, ARDÓSIA, MARMORITE, ETC.), COM REAPROVEITAMENTO, INCLUSIVE RASGO EM ALVENARIA, REMOÇÃO DE ACESSÓRIOS DE FIXAÇÃO, AFASTAMENTO E EMPILHAMENTO, EXCLUSIVE TRANSPORTE E RETIRADA DO MATERIAL REMOVIDO NÃO REAPROVEITÁVEL | C66: m2 | D66: 39.57 | E66: 44.31
A67: 8714 | B67: DEMOLIÇÃO DE ALVENARIA
A68: ED-48436 | B68: DEMOLIÇÃO MANUAL DE ALVENARIA DE TIJOLO CERÂMICO MACIÇO, INCLUSIVE AFASTAMENTO E EMPILHAMENTO, EXCLUSIVE TRANSPORTE E RETIRADA DO MATERIAL DEMOLIDO | C68: m3 | D68: 134.74 | E68: 150.03
A69: ED-48435 | B69: DEMOLIÇÃO MANUAL DE ALVENARIA DE TIJOLO CERÂMICO OU BLOCO DE CONCRETO, INCLUSIVE AFASTAMENTO E EMPILHAMENTO, EXCLUSIVE TRANSPORTE E RETIRADA DO MATERIAL DEMOLIDO | C69: m3 | D69: 92.63 | E69: 103.14
A70: ED-28338 | B70: DEMOLIÇÃO MANUAL DE CONSTRUÇÃO EM ALVENARIAS DE VEDAÇÃO, COM ESPESSURA MÁXIMA DE 15CM, INCLUSIVE REMOÇÃO COM REAPROVEITAMENTO DE ESQUADRIAS, AFASTAMENTO E EMPILHAMENTO, EXCLUSIVE TRANSPORTE E RETIRADA DO MATERIAL DEMOLIDO/REMOVIDO NÃO REAPROVEITÁVEL | C70: m2 | D70: 14.71 | E70: 16.4
A71: 8715 | B71: DEMOLIÇÃO DE CONCRETO
A72: ED-48441 | B72: DEMOLIÇÃO MANUAL DE CONCRETO ARMADO, INCLUSIVE AFASTAMENTO E EMPILHAMENTO, EXCLUSIVE TRANSPORTE E RETIRADA DO MATERIAL DEMOLIDO | C72: m3 | D72: 423.5 | E72: 471.52
A73: ED-48440 | B73: DEMOLIÇÃO MANUAL DE CONCRETO, SEM ARMAÇÃO, INCLUSIVE AFASTAMENTO E EMPILHAMENTO, EXCLUSIVE TRANSPORTE E RETIRADA DO MATERIAL DEMOLIDO | C73: m3 | D73: 256.67 | E73: 285.77
A74: ED-48443 | B74: DEMOLIÇÃO MECANIZADA DE CONCRETO ARMADO, COM EQUIPAMENTO ELÉTRICO, INCLUSIVE AFASTAMENTO E EMPILHAMENTO, EXCLUSIVE TRANSPORTE E RETIRADA DO MATERIAL DEMOLIDO | C74: m3 | D74: 220.49 | E74: 242.9
A75: ED-48445 | B75: DEMOLIÇÃO MECANIZADA DE CONCRETO ARMADO, COM EQUIPAMENTO PNEUMÁTICO, INCLUSIVE AFASTAMENTO E EMPILHAMENTO, EXCLUSIVE TRANSPORTE E RETIRADA DO MATERIAL DEMOLIDO | C75: m3 | D75: 302.64 | E75: 309.79
A76: ED-48442 | B76: DEMOLIÇÃO MECANIZADA DE CONCRETO, SEM ARMAÇÃO, COM EQUIPAMENTO ELÉTRICO, INCLUSIVE AFASTAMENTO E EMPILHAMENTO, EXCLUSIVE TRANSPORTE E RETIRADA DO MATERIAL DEMOLIDO | C76: m3 | D76: 135.88 | E76: 149.46
A77: ED-48444 | B77: DEMOLIÇÃO MECANIZADA DE CONCRETO, SEM ARMAÇÃO, COM EQUIPAMENTO PNEUMÁTICO, INCLUSIVE AFASTAMENTO E EMPILHAMENTO, EXCLUSIVE TRANSPORTE E RETIRADA DO MATERIAL DEMOLIDO | C77: m3 | D77: 185.66 | E77: 190
A78: 8716 | B78: REMOÇÃO DE PADRÃO CONCESSIONÁRIA
A79: ED-48475 | B79: REMOÇÃO MANUAL DE PADRÃO DE ENTRADA DE ÁGUA, COM REAPROVEITAMENTO, INCLUSIVE AFASTAMENTO E EMPILHAMENTO, EXCLUSIVE TRANSPORTE E RETIRADA DO MATERIAL REMOVIDO NÃO REAPROVEITÁVEL | C79: un | D79: 86.86 | E79: 97.34
A80: ED-48474 | B80: REMOÇÃO MANUAL DE PADRÃO DE ENTRADA DE ENERGIA, COM REAPROVEITAMENTO, INCLUSIVE AFASTAMENTO E EMPILHAMENTO, EXCLUSIVE TRANSPORTE E RETIRADA DO MATERIAL REMOVIDO NÃO REAPROVEITÁVEL | C80: un | D80: 218.82 | E80: 245.12
A81: 8717 | B81: DEMOLIÇÃO E REMOÇÃO DE PAVIMENTAÇÃO
A82: ED-48487 | B82: DEMOLIÇÃO MANUAL DE LAJE DE CONCRETO ARMADO, COM ESPESSURA DE ATÉ 15CM, INCLUSIVE AFASTAMENTO E EMPILHAMENTO, EXCLUSIVE TRANSPORTE E RETIRADA DO MATERIAL DEMOLIDO | C82: m2 | D82: 37.04 | E82: 41.25
A83: ED-48507 | B83: DEMOLIÇÃO MANUAL DE SARJETA OU SARJETÃO DE CONCRETO, INCLUSIVE AFASTAMENTO E EMPILHAMENTO, EXCLUSIVE TRANSPORTE E RETIRADA DO MATERIAL DEMOLIDO | C83: m2 | D83: 9.25 | E83: 10.3
A84: ED-48489 | B84: DEMOLIÇÃO MECANIZADA DE LAJE DE CONCRETO ARMADO, COM ESPESSURA DE ATÉ 15CM, , COM EQUIPAMENTO ELÉTRICO, INCLUSIVE AFASTAMENTO E EMPILHAMENTO, EXCLUSIVE TRANSPORTE E RETIRADA DO MATERIAL DEMOLIDO | C84: m2 | D84: 20.02 | E84: 22.02
A85: ED-48486 | B85: DEMOLIÇÃO MECANIZADA DE LAJE DE CONCRETO ARMADO, COM ESPESSURA DE ATÉ 15CM, , COM EQUIPAMENTO PNEUMÁTICO, INCLUSIVE AFASTAMENTO E EMPILHAMENTO, EXCLUSIVE TRANSPORTE E RETIRADA DO MATERIAL DEMOLIDO | C85: m2 | D85: 26.98 | E85: 27.6
A86: ED-48492 | B86: DEMOLIÇÃO MECANIZADA DE REVESTIMENTO ASFÁLTICO, COM EQUIPAMENTO PNEUMÁTICO, INCLUSIVE AFASTAMENTO E EMPILHAMENTO, EXCLUSIVE TRANSPORTE E RETIRADA DO MATERIAL DEMOLIDO | C86: m2 | D86: 8.96 | E86: 9.21
A87: ED-48490 | B87: REMOÇÃO MANUAL DE ALVENARIA POLIÉDRICA, COM REAPROVEITAMENTO, INCLUSIVE AFASTAMENTO E EMPILHAMENTO, EXCLUSIVE TRANSPORTE E RETIRADA DO MATERIAL REMOVIDO NÃO REAPROVEITÁVEL | C87: m2 | D87: 12.73 | E87: 14.17
A88: ED-48488 | B88: REMOÇÃO MANUAL DE CALÇADA PORTUGUESA, COM REAPROVEITAMENTO, INCLUSIVE AFASTAMENTO E EMPILHAMENTO, EXCLUSIVE TRANSPORTE E RETIRADA DO MATERIAL REMOVIDO NÃO REAPROVEITÁVEL | C88: m2 | D88: 7.68 | E88: 8.55
A89: ED-48473 | B89: REMOÇÃO MANUAL DE GUIA DE MEIO-FIO EM PEDRA (GNAISSE, BASALTO, ETC.), COM REAPROVEITAMENTO, INCLUSIVE AFASTAMENTO E EMPILHAMENTO, EXCLUSIVE TRANSPORTE E RETIRADA DO MATERIAL REMOVIDO NÃO REAPROVEITÁVEL | C89: m | D89: 18.51 | E89: 20.62
A90: ED-48472 | B90: REMOÇÃO MANUAL DE GUIA DE MEIO-FIO PRÉ-MOLDADA EM CONCRETO, COM REAPROVEITAMENTO, INCLUSIVE AFASTAMENTO E EMPILHAMENTO, EXCLUSIVE TRANSPORTE E RETIRADA DO MATERIAL REMOVIDO NÃO REAPROVEITÁVEL | C90: m | D90: 9.87 | E90: 11
A91: ED-48476 | B91: REMOÇÃO MANUAL DE PAVIMENTAÇÃO INTERTRAVADA OU SEXTAVADO EM PRÉ-MOLDADO DE CONCRETO, COM REAPROVEITAMENTO, INCLUSIVE AFASTAMENTO E EMPILHAMENTO, EXCLUSIVE TRANSPORTE E RETIRADA DO MATERIAL REMOVIDO NÃO REAPROVEITÁVEL | C91: m2 | D91: 12.73 | E91: 14.17
A92: ED-48491 | B92: REMOÇÃO MANUAL DE PAVIMENTO PARALELEPÍPEDO, COM REAPROVEITAMENTO, INCLUSIVE AFASTAMENTO E EMPILHAMENTO, EXCLUSIVE TRANSPORTE E RETIRADA DO MATERIAL REMOVIDO NÃO REAPROVEITÁVEL | C92: m2 | D92: 14.14 | E92: 15.75
A93: 8718 | B93: DEMOLIÇÃO E REMOÇÃO DE REVESTIMENTO
A94: ED-48504 | B94: DEMOLIÇÃO MANUAL DE LAMINADO MELAMÍNICO EM SUPERFÍCIE DE MADEIRA OU PAREDE, INCLUSIVE AFASTAMENTO E EMPILHAMENTO, EXCLUSIVE TRANSPORTE E RETIRADA DO MATERIAL DEMOLIDO | C94: m2 | D94: 9.25 | E94: 10.3
A95: ED-48501 | B95: DEMOLIÇÃO MANUAL DE REBOCO OU EMBOÇO, COM ESPESSURA DE ATÉ 55MM, INCLUSIVE AFASTAMENTO E EMPILHAMENTO, EXCLUSIVE TRANSPORTE E RETIRADA DO MATERIAL DEMOLIDO | C95: m2 | D95: 8.79 | E95: 9.81
A96: ED-48502 | B96: DEMOLIÇÃO MANUAL DE REVESTIMENTO CERÂMICO, AZULEJO OU LADRILHO HIDRÁULICO, INCLUSIVE AFASTAMENTO E EMPILHAMENTO, EXCLUSIVE DEMOLIÇÃO DO REBOCO OU EMBOÇO, TRANSPORTE E RETIRADA DO MATERIAL DEMOLIDO | C96: m2 | D96: 18.31 | E96: 20.45
A97: ED-48503 | B97: DEMOLIÇÃO MANUAL DE REVESTIMENTO DE PEDRA (MÁRMORE, GRANITO, ARDÓSIA, ETC.), INCLUSIVE AFASTAMENTO E EMPILHAMENTO, EXCLUSIVE DEMOLIÇÃO DO REBOCO OU EMBOÇO, TRANSPORTE E RETIRADA DO MATERIAL DEMOLIDO | C97: m2 | D97: 21.98 | E97: 24.55
A98: ED-48478 | B98: REMOÇÃO MANUAL DE PEITORIL DE MÁRMORE OU GRANITO, COM REAPROVEITAMENTO, INCLUSIVE AFASTAMENTO E EMPILHAMENTO, EXCLUSIVE TRANSPORTE E RETIRADA DO MATERIAL REMOVIDO NÃO REAPROVEITÁVEL | C98: m | D98: 7.2 | E98: 8.05
A99: 8719 | B99: DEMOLIÇÃO E REMOÇÃO DE PISO
A100: ED-48480 | B100: DEMOLIÇÃO MANUAL DE PISO CERÂMICO OU LADRILHO HIDRÁULICO, INCLUSIVE AFASTAMENTO E EMPILHAMENTO, EXCLUSIVE DEMOLIÇÃO DE CONTRAPISO, TRANSPORTE E RETIRADA DO MATERIAL DEMOLIDO | C100: m2 | D100: 14.65 | E100: 16.36
...

Sheet SINAPI-ONE
A1: CODIGO DA COMPOSICAO | B1: DESCRICAO DA COMPOSICAO | C1: UNIDADE | D1: CUSTO TOTAL
A3: 97141 | B3: ASSENTAMENTO DE TUBO DE FERRO FUNDIDO PARA REDE DE ÁGUA, DN 80 MM, JUNTA ELÁSTICA, INSTALADO EM LOCAL COM NÍVEL ALTO DE INTERFERÊNCIAS (NÃO INCLUI FORNECIMENTO). AF_11/2017 | C3: M | D3: 9,08
A4: 97142 | B4: ASSENTAMENTO DE TUBO DE FERRO FUNDIDO PARA REDE DE ÁGUA, DN 100 MM, JUNTA ELÁSTICA, INSTALADO EM LOCAL COM NÍVEL ALTO DE INTERFERÊNCIAS (NÃO INCLUI FORNECIMENTO). AF_11/2017 | C4: M | D4: 10,06
A5: 97143 | B5: ASSENTAMENTO DE TUBO DE FERRO FUNDIDO PARA REDE DE ÁGUA, DN 150 MM, JUNTA ELÁSTICA, INSTALADO EM LOCAL COM NÍVEL ALTO DE INTERFERÊNCIAS (NÃO INCLUI FORNECIMENTO). AF_11/2017 | C5: M | D5: 12,51
A6: 97144 | B6: ASSENTAMENTO DE TUBO DE FERRO FUNDIDO PARA REDE DE ÁGUA, DN 200 MM, JUNTA ELÁSTICA, INSTALADO EM LOCAL COM NÍVEL ALTO DE INTERFERÊNCIAS (NÃO INCLUI FORNECIMENTO). AF_11/2017 | C6: M | D6: 14,95
A7: 97145 | B7: ASSENTAMENTO DE TUBO DE FERRO FUNDIDO PARA REDE DE ÁGUA, DN 250 MM, JUNTA ELÁSTICA, INSTALADO EM LOCAL COM NÍVEL ALTO DE INTERFERÊNCIAS (NÃO INCLUI FORNECIMENTO). AF_11/2017 | C7: M | D7: 17,42
A8: 97146 | B8: ASSENTAMENTO DE TUBO DE FERRO FUNDIDO PARA REDE DE ÁGUA, DN 300 MM, JUNTA ELÁSTICA, INSTALADO EM LOCAL COM NÍVEL ALTO DE INTERFERÊNCIAS (NÃO INCLUI FORNECIMENTO). AF_11/2017 | C8: M | D8: 19,88
A9: 97147 | B9: ASSENTAMENTO DE TUBO DE FERRO FUNDIDO PARA REDE DE ÁGUA, DN 350 MM, JUNTA ELÁSTICA, INSTALADO EM LOCAL COM NÍVEL ALTO DE INTERFERÊNCIAS (NÃO INCLUI FORNECIMENTO). AF_11/2017 | C9: M | D9: 22,36
A10: 97148 | B10: ASSENTAMENTO DE TUBO DE FERRO FUNDIDO PARA REDE DE ÁGUA, DN 400 MM, JUNTA ELÁSTICA, INSTALADO EM LOCAL COM NÍVEL ALTO DE INTERFERÊNCIAS (NÃO INCLUI FORNECIMENTO). AF_11/2017 | C10: M | D10: 24,80
A11: 97149 | B11: ASSENTAMENTO DE TUBO DE FERRO FUNDIDO PARA REDE DE ÁGUA, DN 450 MM, JUNTA ELÁSTICA, INSTALADO EM LOCAL COM NÍVEL ALTO DE INTERFERÊNCIAS (NÃO INCLUI FORNECIMENTO). AF_11/2017 | C11: M | D11: 27,30
A12: 97150 | B12: ASSENTAMENTO DE TUBO DE FERRO FUNDIDO PARA REDE DE ÁGUA, DN 500 MM, JUNTA ELÁSTICA, INSTALADO EM LOCAL COM NÍVEL ALTO DE INTERFERÊNCIAS (NÃO INCLUI FORNECIMENTO). AF_11/2017 | C12: M | D12: 34,14
A13: 97151 | B13: ASSENTAMENTO DE TUBO DE FERRO FUNDIDO PARA REDE DE ÁGUA, DN 600 MM, JUNTA ELÁSTICA, INSTALADO EM LOCAL COM NÍVEL ALTO DE INTERFERÊNCIAS (NÃO INCLUI FORNECIMENTO). AF_11/2017 | C13: M | D13: 39,72
... A7558: 101460 | B7558: VIGIA DIURNO COM ENCARGOS COMPLEMENTARES | C7558: MES | D7558: 4.050,48

Sheet SINAPI-DES
A1: CODIGO DA COMPOSICAO | B1: DESCRICAO DA COMPOSICAO | C1: UNIDADE | D1: CUSTO TOTAL
A3: 97141 | B3: ASSENTAMENTO DE TUBO DE FERRO FUNDIDO PARA REDE DE ÁGUA, DN 80 MM, JUNTA ELÁSTICA, INSTALADO EM LOCAL COM NÍVEL ALTO DE INTERFERÊNCIAS (NÃO INCLUI FORNECIMENTO). AF_11/2017 | C3: M | D3: 8,39
A4: 97142 | B4: ASSENTAMENTO DE TUBO DE FERRO FUNDIDO PARA REDE DE ÁGUA, DN 100 MM, JUNTA ELÁSTICA, INSTALADO EM LOCAL COM NÍVEL ALTO DE INTERFERÊNCIAS (NÃO INCLUI FORNECIMENTO). AF_11/2017 | C4: M | D4: 9,28
A5: 97143 | B5: ASSENTAMENTO DE TUBO DE FERRO FUNDIDO PARA REDE DE ÁGUA, DN 150 MM, JUNTA ELÁSTICA, INSTALADO EM LOCAL COM NÍVEL ALTO DE INTERFERÊNCIAS (NÃO INCLUI FORNECIMENTO). AF_11/2017 | C5: M | D5: 11,54
A6: 97144 | B6: ASSENTAMENTO DE TUBO DE FERRO FUNDIDO PARA REDE DE ÁGUA, DN 200 MM, JUNTA ELÁSTICA, INSTALADO EM LOCAL COM NÍVEL ALTO DE INTERFERÊNCIAS (NÃO INCLUI FORNECIMENTO). AF_11/2017 | C6: M | D6: 13,77
A7: 97145 | B7: ASSENTAMENTO DE TUBO DE FERRO FUNDIDO PARA REDE DE ÁGUA, DN 250 MM, JUNTA ELÁSTICA, INSTALADO EM LOCAL COM NÍVEL ALTO DE INTERFERÊNCIAS (NÃO INCLUI FORNECIMENTO). AF_11/2017 | C7: M | D7: 16,03
A8: 97146 | B8: ASSENTAMENTO DE TUBO DE FERRO FUNDIDO PARA REDE DE ÁGUA, DN 300 MM, JUNTA ELÁSTICA, INSTALADO EM LOCAL COM NÍVEL ALTO DE INTERFERÊNCIAS (NÃO INCLUI FORNECIMENTO). AF_11/2017 | C8: M | D8: 18,27
A9: 97147 | B9: ASSENTAMENTO DE TUBO DE FERRO FUNDIDO PARA REDE DE ÁGUA, DN 350 MM, JUNTA ELÁSTICA, INSTALADO EM LOCAL COM NÍVEL ALTO DE INTERFERÊNCIAS (NÃO INCLUI FORNECIMENTO). AF_11/2017 | C9: M | D9: 20,54
A10: 97148 | B10: ASSENTAMENTO DE TUBO DE FERRO FUNDIDO PARA REDE DE ÁGUA, DN 400 MM, JUNTA ELÁSTICA, INSTALADO EM LOCAL COM NÍVEL ALTO DE INTERFERÊNCIAS (NÃO INCLUI FORNECIMENTO). AF_11/2017 | C10: M | D10: 22,78
A11: 97149 | B11: ASSENTAMENTO DE TUBO DE FERRO FUNDIDO PARA REDE DE ÁGUA, DN 450 MM, JUNTA ELÁSTICA, INSTALADO EM LOCAL COM NÍVEL ALTO DE INTERFERÊNCIAS (NÃO INCLUI FORNECIMENTO). AF_11/2017 | C11: M | D11: 25,08
A12: 97150 | B12: ASSENTAMENTO DE TUBO DE FERRO FUNDIDO PARA REDE DE ÁGUA, DN 500 MM, JUNTA ELÁSTICA, INSTALADO EM LOCAL COM NÍVEL ALTO DE INTERFERÊNCIAS (NÃO INCLUI FORNECIMENTO). AF_11/2017 | C12: M | D12: 31,70
A13: 97151 | B13: ASSENTAMENTO DE TUBO DE FERRO FUNDIDO PARA REDE DE ÁGUA, DN 600 MM, JUNTA ELÁSTICA, INSTALADO EM LOCAL COM NÍVEL ALTO DE INTERFERÊNCIAS (NÃO INCLUI FORNECIMENTO). AF_11/2017 | C13: M | D13: 36,88
... A7558: 101460 | B7558: VIGIA DIURNO COM ENCARGOS COMPLEMENTARES | C7558: MES | D7558: 3.631,06

Sheet SUDECAP-DES
A8: CÓDIGO | B8: ORIGEM | C8: DESCRICAO | D8: UND | E8: VALOR
A9: 01 | C9: INSTALAÇAO DA OBRA
A10: 01.01 | B10: SUDECAP | C10: ESCRITORIO DE OBRA
A11: 01.01.07 | B11: SUDECAP | C11: ESCRITORIO TIPO I | D11: UN | E11: 6649.43
A12: 01.01.09 | B12: SUDECAP | C12: ESCRITORIO TIPO II | D12: UN | E12: 8921.83
A13: 01.01.13 | B13: SUDECAP | C13: LAVABO | D13: UN | E13: 3034.43
A14: 01.02 | B14: SUDECAP | C14: BARRACAO DE OBRA
A15: 01.02.06 | B15: SUDECAP | C15: VESTIARIO TIPO I | D15: UN | E15: 6022.51
A16: 01.02.07 | B16: SUDECAP | C16: VESTIARIO TIPO II | D16: UN | E16: 12261.84
A17: 01.02.08 | B17: SUDECAP | C17: VESTIARIO TIPO III | D17: UN | E17: 16319.03
A18: 01.02.11 | B18: SUDECAP | C18: AREA COBERTA EM TELHA ONDULADA DE FIBROCIMENTO 4MM | D18: M2 | E18: 70.18
A19: 01.02.12 | B19: SUDECAP | C19: DEPOSITO E FERRAMENTARIA TIPO I | D19: UN | E19: 4827.06
A20: 01.02.13 | B20: SUDECAP | C20: DEPOSITO E FERRAMENTARIA TIPO II | D20: UN | E20: 7375.48
A21: 01.02.14 | B21: SUDECAP | C21: DEPOSITO E FERRAMENTARIA TIPO III | D21: UN | E21: 10002.72
A22: 01.02.15 | B22: SUDECAP | C22: DEPOSITO DE MATERIAIS ENSACADOS | D22: UN | E22: 3609.63
A23: 01.02.20 | B23: SUDECAP | C23: INSTALAÇAO SANITARIA TIPO I | D23: UN | E23: 6254.64
A24: 01.02.21 | B24: SUDECAP | C24: INSTALAÇAO SANITARIA TIPO II | D24: UN | E24: 7794.37
A25: 01.02.22 | B25: SUDECAP | C25: INSTALAÇAO SANITARIA TIPO III | D25: UN | E25: 11041.91
A26: 01.02.25 | B26: SUDECAP | C26: REFEITORIO TIPO I | D26: UN | E26: 5068.59
A27: 01.02.26 | B27: SUDECAP | C27: REFEITORIO TIPO II | D27: UN | E27: 5658.76
A28: 01.03 | B28: SUDECAP | C28: PLACA DE OBRA AFIXADA COM PEÇAS DE MADEIRA
A29: 01.03.01 | B29: SUDECAP | C29: 3,00 X 2,00 M EM LONA IMPRESSAO DIGITAL P.SUDECAP | D29: UN | E29: 1632.98
A30: 01.03.02 | B30: SUDECAP | C30: PLACA DE OBRA EM LONA IMPRESSAO DIGITAL P. SUDECAP | D30: M2 | E30: 214.59
A31: 01.03.03 | B31: SUDECAP | C31: PLACA DE OBRA EM CHAPA GALVANIZADA ADESIVADA, DIMENSÕES 2,40 X 1,20 M, PADRÃO CEF | D31: M2 | E31: 271.29
A32: 01.04 | B32: SUDECAP | C32: TAPUME PADRAO SUDECAP (TIPO I, II E III)
A33: 01.04.01 | B33: SUDECAP | C33: TAPUME PADRÃO SUDECAP DE COMPENSADO 10MM COM FIXAÇAO ENTERRADA | D33: M | E33: 91.12
A34: 01.04.03 | B34: SUDECAP | C34: TAPUME PADRÃO SUDECAP DE COMPENSADO 10MM COM BASE DE CONCRETO | D34: M | E34: 95.89
A35: 01.04.05 | B35: SUDECAP | C35: INFORME PUBLIC.LONA IMP.DIGITAL APLICADO EM TAPUME | D35: M2 | E35: 112.99
A36: 01.04.06 | B36: SUDECAP | C36: DE TELA GALVANIZADA #2" FIO 14 C/FIXAÇAO ENTERRADA | D36: M | E36: 57.72
A37: 01.04.07 | B37: SUDECAP | C37: DE TELA GALVANIZADA #2" FIO 14 C/BASE DE CONCRETO | D37: M | E37: 62.56
A38: 01.04.09 | B38: SUDECAP | C38: TELA-TAPUME DE POLIPROPILENO H= 1,20 M, INCL. BASE | D38: M | E38: 10.6
A39: 01.04.10 | B39: SUDECAP | C39: PROTEÇAO COM FITA ZEBRADA AMARELA L=7CM E PEÇA 7X7 | D39: M | E39: 7.87
A40: 01.04.11 | B40: SUDECAP | C40: FITA ZEBRADA AMARELA PARA SINALIZAÇAO L= 7CM | D40: M | E40: 2.94
A41: 01.04.16 | B41: SUDECAP | C41: TAPUME METÁLICO COM BASE DE CONCRETO (M) | D41: M | E41: 106.86
A42: 01.04.17 | B42: SUDECAP | C42: TAPUME METÁLICO COM BASE ENTERRADA (M) | D42: M | E42: 93.72
A43: 01.04.18 | B43: SUDECAP | C43: TAPUME METÁLICO COM TELA E BASE DE CONCRETO (M) | D43: M | E43: 115.99
A44: 01.04.19 | B44: SUDECAP | C44: TAPUME METÁLICO COM TELA E BASE ENTERRADA (M) | D44: M | E44: 102.82
A45: 01.04.20 | B45: SUDECAP | C45: REMANEJAMENTO DE TAPUME | D45: M | E45: 7.56
A46: 01.06 | B46: SUDECAP | C46: INSTALAÇAO PROVISORIA - CONCESSIONARIA
A47: 01.06.01 | B47: SUDECAP | C47: PADRÃO CEMIG PROVISÓRIO TIPO C3, DEMANDA PROVÁVEL DE 23,1 ATÉ 27,0KW (3F+N) | D47: UN | E47: 690.41
A48: 01.06.05 | B48: SUDECAP | C48: PADRAO COPASA - KIT CAVALTE METAL E REGISTRO 3/4" | D48: UN | E48: 453.32
A49: 01.07 | B49: SUDECAP | C49: FOSSA E SUMIDOURO
A50: 01.07.02 | B50: SUDECAP | C50: FOSSA SEPTICA E SUMIDOURO DN=1,20M H=4,00M | D50: UN | E50: 7045.92
A51: 01.08 | B51: SUDECAP | C51: REDE INTERNA E PROVISORIA DE AGUA E ESGOTO
A52: 01.08.01 | B52: SUDECAP | C52: TUBO PVC D= 100 MM | D52: M | E52: 23.01
A53: 01.08.02 | B53: SUDECAP | C53: TUBO PVC D= 150 MM | D53: M | E53: 49.38
A54: 01.08.03 | B54: SUDECAP | C54: TUBO PVC D= 200 MM | D54: M | E54: 101.59
A55: 01.08.04 | B55: SUDECAP | C55: TUBO PVC D= 250 MM | D55: M | E55: 100.56
A56: 01.08.20 | B56: SUDECAP | C56: TUBO PVC AGUA SOLDA E CONEXOES D=20MM (1/2") | D56: M | E56: 5.42
A57: 01.08.21 | B57: SUDECAP | C57: TUBO PVC AGUA SOLDA E CONEXOES D=25MM (3/4") | D57: M | E57: 6.25
A58: 01.09 | B58: SUDECAP | C58: CONTAINER 6,0X2,30X2,82 M COM ISOLAMENTO TERMICO
A59: 01.09.01 | B59: SUDECAP | C59: MOBILIZACAO DE CONTAINER | D59: UN | E59: 1200
A60: 01.09.02 | B60: SUDECAP | C60: CONTAINER SIMPLES COM AR CONDICIONADO PARA ESCRITÓRIO | D60: MES | E60: 1030
A61: 01.09.03 | B61: SUDECAP | C61: CONTAINER COM SANITÁRIO E AR CONDICIONADO PARA ESCRITÓRIO | D61: MES | E61: 1090
A62: 01.09.11 | B62: SUDECAP | C62: DESMOBILIZAÇÃO DE CONTAINER | D62: UN | E62: 1200
A63: 01.09.12 | B63: SUDECAP | C63: INSTALAÇÕES DE MOBILIÁRIOS PARA CONTAINER TIPO ESCRITÓRIO COM SANITÁRIO | D63: UN | E63: 510.97
A64: 01.09.14 | B64: SUDECAP | C64: INSTALAÇÕES DE MOBILIÁRIOS PARA CONTAINER TIPO REFEITÓRIO | D64: UN | E64: 185.11
A65: 01.09.15 | B65: SUDECAP | C65: INSTALAÇÕES DE MOBILIÁRIOS PARA CONTAINER TIPO DEPÓSITO E FERRAMENTARIA COM LAVATÓRIO | D65: UN | E65: 765.39
A66: 01.09.17 | C66: INSTALAÇÕES DE MOBILIÁRIOS PARA CONTAINER TIPO ESCRITÓRIO SEM SANITÁRIO | D66: UN | E66: 651.93
A67: 01.09.18 | C67: CONTAINER VESTIÁRIO TIPO I | D67: MES | E67: 1800
A68: 01.09.19 | C68: CONTAINER VESTIÁRIO TIPO II | D68: MES | E68: 2800
A69: 01.09.20 | C69: CONTAINER VESTIÁRIO TIPO III | D69: MES | E69: 3800
A70: 01.09.21 | C70: CONTAINER SIMPLES | D70: MES | E70: 730
A71: 01.09.22 | C71: CONTAINER COM LAVATÓRIO | D71: MES | E71: 790
A72: 01.09.23 | C72: CONTAINER COM SANITÁRIO | D72: MES | E72: 790
A73: 01.09.24 | C73: INSTALAÇÕES DE MOBILIÁRIOS PARA CONTAINER VESTIÁRIO 1 | D73: UN | E73: 113
A74: 01.09.25 | C74: INSTALAÇÕES DE MOBILIÁRIOS PARA CONTAINER VESTIÁRIO 2 | D74: UN | E74: 236.06
A75: 01.09.26 | C75: INSTALAÇÕES DE MOBILIÁRIOS PARA CONTAINER VESTIÁRIO 3 | D75: UN | E75: 339
A76: 01.10 | B76: SUDECAP | C76: BANHEIRO QUIMICO
A77: 01.10.01 | B77: SUDECAP | C77: BANHEIRO QUIMICO 110X120X230CM COM MANUTENCAO | D77: MES | E77: 680
A78: 01.10.02 | B78: SUDECAP | C78: BANHEIRO QUÍMICO E REBOQUE PARA TRANSPORTE DE BANHEIRO QUÍMICO | D78: MES | E78: 1003.05
A79: 01.11 | B79: SUDECAP | C79: SINALIZAÇAO
A80: 01.11.01 | B80: SUDECAP | C80: PLACA 1,0X0,60M DUPLA FACE CH.GALV. 26 EM CAVALETE | D80: UNMES | E80: 14.98
A81: 01.11.02 | B81: SUDECAP | C81: PLACA 1,0X0,60M CH.26 EM CAVALETE METALON 20X20MM | D81: UNMES | E81: 13.78
A82: 01.11.03 | B82: SUDECAP | C82: PLACA 0,50X0,50M DUPLA FACE CH.GALV.22 EM CAVALETE | D82: UNMES | E82: 10.98
A83: 01.11.04 | B83: SUDECAP | C83: PLACA 0,50X0,50M CH.GALV.22 CAVALETE METALON 20X20 | D83: UNMES | E83: 9.98
A84: 01.11.05 | B84: SUDECAP | C84: INSTALAÇÃO DE FAIXA MORIM 6,00M X 0,80M EM TECIDO COMUM E EUCALIPTO | D84: UN | E84: 112.74
A85: 01.11.06 | B85: SUDECAP | C85: CONE MASTER 75CM BASE DE BORRACHA CORPO POLIETILEN | D85: UN | E85: 131.44
A86: 01.11.07 | B86: SUDECAP | C86: CONE EM PVC H= 75 CM | D86: UN | E86: 40.49
A87: 01.11.08 | B87: SUDECAP | C87: SINALIZADOR ELET.MONOLIGHT LED 60 A 70 FLASHES/MIN | D87: UN | E87: 146.6
A88: 01.12 | C88: VISTORIA CAUTELAR
A89: 01.12.01 | B89: SUDECAP | C89: VISTORIA CAUTELAR - ÁREA CONSTRUÍDA <= 100M2 | D89: UN | E89: 314.47
A90: 01.12.02 | B90: SUDECAP | C90: VISTORIA CAUTELAR - 101M2 < ÁREA CONSTRUÍDA <= 200M2 | D90: UN | E90: 397.5
A91: 01.12.03 | B91: SUDECAP | C91: VISTORIA CAUTELAR - 201M2 < ÁREA CONSTRUÍDA <= 500M2 | D91: UN | E91: 528.91
A92: 01.12.04 | B92: SUDECAP | C92: VISTORIA CAUTELAR - 501M2 < ÁREA CONSTRUÍDA <= 2000M2 | D92: UN | E92: 767.15
A93: 01.12.05 | B93: SUDECAP | C93: VISTORIA CAUTELAR - 2001M2 < ÁREA CONSTRUÍDA <= 7000M2 | D93: UN | E93: 1278.65
A94: 01.12.06 | B94: SUDECAP | C94: VISTORIA CAUTELAR - ÁREA CONSTRUÍDA > 7001M2 | D94: UN | E94: 1797.43
A95: 01.13 | B95: SUDECAP | C95: GERENCIAMENTO DE RESÍDUOS DA CONSTRUÇÃO CIVIL
A96: 01.13.01 | B96: SUDECAP | C96: BAIA SIMPLES PARA RESÍDUOS DA CONSTRUÇÃO CIVIL | D96: UN | E96: 1575.57
A97: 01.13.02 | B97: SUDECAP | C97: BAIA DUPLA PARA RESÍDUOS DA CONSTRUÇÃO CIVIL | D97: UN | E97: 2699.65
A98: 01.13.03 | B98: SUDECAP | C98: PLACA IDENTIFCAÇÃO RESÍDUOS-PGRCC, CONFORME RESOLUÇÃO CONAMA-RDC Nº 275/01,EM LONA (BANNER), (30X30)CM | D98: UN | E98: 45.39
A100: 01.13.04 | B100: SUDECAP | C100: FORNECIMENTO BIG BAG P/ RESÍDUOS COMUNS-CAP. APROX.1M3, PADRÃO CLUB FARM OU EQUIVALENTE | D100: UN | E100: 42.48
A101: 01.13.05 | B101: SUDECAP | C101: FORNECIMENTO LIXEIRA PLÁSTICA C/ TAMPA VAI-VEM - 100 LITROS, PADRÃO Q100 WEBPLASTICO/EQUIVALENTE | D101: UN | E101: 143.54
A102: 01.13.06 | B102: SUDECAP | C102: FORNECIMENTO DE LONA REFORÇADA DE POLIETILENO PARA COBERTURA DE CAÇAMBA (4Mx4M), 600 MICRA | D102: UN | E102: 144.9
A103: 01.13.07 | B103: SUDECAP | C103: FORNECIMENTO DE BOMBONA BOCA LARGA PARA RESÍDUOS CLASSE B - 100 LITROS | D103: UN | E103: 406.9
A104: 01.14 | B104: SUDECAP | C104: SERVIÇOS AUXILIARES DE INSTALAÇÃO DE OBRA
A105: 01.14.01 | B105: SUDECAP | C105: PORTA EM COMPENSADO RESINADO 10MM 80X210CM | D105: UN | E105: 114.61
A106: 01.14.02 | B106: SUDECAP | C106: CONJUNTO MESA (130X60CM) E 2 BANCOS (130X40CM) EM MADEIRITE | D106: CJ | E106: 302.28
A107: 01.14.03 | B107: SUDECAP | C107: BANCO (130X40CM) EM MADEIRITE, PARA VESTIARIO | D107: UN | E107: 88.17
A108: 01.14.04 | B108: SUDECAP | C108: MAPOTECA PARA PROJETO 1,40X1,10X1,40M E PEÇA 8X8 CM | D108: UN | E108: 131.64
...

Sheet SUDECAP-ONE
A8: CÓDIGO | B8: ORIGEM | C8: DESCRICAO | D8: UND | E8: VALOR
A9: 01 | C9: INSTALAÇAO DA OBRA
A10: 01.01 | B10: SUDECAP | C10: ESCRITORIO DE OBRA
A11: 01.01.07 | B11: SUDECAP | C11: ESCRITORIO TIPO I | D11: UN | E11: 6994.45
A12: 01.01.09 | B12: SUDECAP | C12: ESCRITORIO TIPO II | D12: UN | E12: 9378.33
A13: 01.01.13 | B13: SUDECAP | C13: LAVABO | D13: UN | E13: 3205.62
A14: 01.02 | B14: SUDECAP | C14: BARRACAO DE OBRA
A15: 01.02.06 | B15: SUDECAP | C15: VESTIARIO TIPO I | D15: UN | E15: 6403.81
A16: 01.02.07 | B16: SUDECAP | C16: VESTIARIO TIPO II | D16: UN | E16: 12978.63
A17: 01.02.08 | B17: SUDECAP | C17: VESTIARIO TIPO III | D17: UN | E17: 17245.97
A18: 01.02.11 | B18: SUDECAP | C18: AREA COBERTA EM TELHA ONDULADA DE FIBROCIMENTO 4MM | D18: M2 | E18: 75.08
A19: 01.02.12 | B19: SUDECAP | C19: DEPOSITO E FERRAMENTARIA TIPO I | D19: UN | E19: 5075.15
A20: 01.02.13 | B20: SUDECAP | C20: DEPOSITO E FERRAMENTARIA TIPO II | D20: UN | E20: 7746.65
A21: 01.02.14 | B21: SUDECAP | C21: DEPOSITO E FERRAMENTARIA TIPO III | D21: UN | E21: 10486.73
A22: 01.02.15 | B22: SUDECAP | C22: DEPOSITO DE MATERIAIS ENSACADOS | D22: UN | E22: 3861.33
A23: 01.02.20 | B23: SUDECAP | C23: INSTALAÇAO SANITARIA TIPO I | D23: UN | E23: 6760.02
A24: 01.02.21 | B24: SUDECAP | C24: INSTALAÇAO SANITARIA TIPO II | D24: UN | E24: 8356.6
A25: 01.02.22 | B25: SUDECAP | C25: INSTALAÇAO SANITARIA TIPO III | D25: UN | E25: 11860.83
A26: 01.02.25 | B26: SUDECAP | C26: REFEITORIO TIPO I | D26: UN | E26: 5393.09
A27: 01.02.26 | B27: SUDECAP | C27: REFEITORIO TIPO II | D27: UN | E27: 6009.52
A28: 01.03 | B28: SUDECAP | C28: PLACA DE OBRA AFIXADA COM PEÇAS DE MADEIRA
A29: 01.03.01 | B29: SUDECAP | C29: 3,00 X 2,00 M EM LONA IMPRESSAO DIGITAL P.SUDECAP | D29: UN | E29: 1639.12
A30: 01.03.02 | B30: SUDECAP | C30: PLACA DE OBRA EM LONA IMPRESSAO DIGITAL P. SUDECAP | D30: M2 | E30: 216.28
A31: 01.03.03 | B31: SUDECAP | C31: PLACA DE OBRA EM CHAPA GALVANIZADA ADESIVADA, DIMENSÕES 2,40 X 1,20 M, PADRÃO CEF | D31: M2 | E31: 273.08
A32: 01.04 | B32: SUDECAP | C32: TAPUME PADRAO SUDECAP (TIPO I, II E III)
A33: 01.04.01 | B33: SUDECAP | C33: TAPUME PADRÃO SUDECAP DE COMPENSADO 10MM COM FIXAÇAO ENTERRADA | D33: M | E33: 97.01
A34: 01.04.03 | B34: SUDECAP | C34: TAPUME PADRÃO SUDECAP DE COMPENSADO 10MM COM BASE DE CONCRETO | D34: M | E34: 101.96
A35: 01.04.05 | B35: SUDECAP | C35: INFORME PUBLIC.LONA IMP.DIGITAL APLICADO EM TAPUME | D35: M2 | E35: 115.44
A36: 01.04.06 | B36: SUDECAP | C36: DE TELA GALVANIZADA #2" FIO 14 C/FIXAÇAO ENTERRADA | D36: M | E36: 61.02
A37: 01.04.07 | B37: SUDECAP | C37: DE TELA GALVANIZADA #2" FIO 14 C/BASE DE CONCRETO | D37: M | E37: 65.75
A38: 01.04.09 | B38: SUDECAP | C38: TELA-TAPUME DE POLIPROPILENO H= 1,20 M, INCL. BASE | D38: M | E38: 10.78
A39: 01.04.10 | B39: SUDECAP | C39: PROTEÇAO COM FITA ZEBRADA AMARELA L=7CM E PEÇA 7X7 | D39: M | E39: 8.45
A40: 01.04.11 | B40: SUDECAP | C40: FITA ZEBRADA AMARELA PARA SINALIZAÇAO L= 7CM | D40: M | E40: 3.33
A41: 01.04.16 | B41: SUDECAP | C41: TAPUME METÁLICO COM BASE DE CONCRETO (M) | D41: M | E41: 111.33
A42: 01.04.17 | B42: SUDECAP | C42: TAPUME METÁLICO COM BASE ENTERRADA (M) | D42: M | E42: 97.84
A43: 01.04.18 | B43: SUDECAP | C43: TAPUME METÁLICO COM TELA E BASE DE CONCRETO (M) | D43: M | E43: 120.46
A44: 01.04.19 | B44: SUDECAP | C44: TAPUME METÁLICO COM TELA E BASE ENTERRADA (M) | D44: M | E44: 106.94
A45: 01.04.20 | B45: SUDECAP | C45: REMANEJAMENTO DE TAPUME | D45: M | E45: 8.56
A46: 01.06 | B46: SUDECAP | C46: INSTALAÇAO PROVISORIA - CONCESSIONARIA
A47: 01.06.01 | B47: SUDECAP | C47: PADRÃO CEMIG PROVISÓRIO TIPO C3, DEMANDA PROVÁVEL DE 23,1 ATÉ 27,0KW (3F+N) | D47: UN | E47: 705.11
A48: 01.06.05 | B48: SUDECAP | C48: PADRAO COPASA - KIT CAVALTE METAL E REGISTRO 3/4" | D48: UN | E48: 476.93
A49: 01.07 | B49: SUDECAP | C49: FOSSA E SUMIDOURO
A50: 01.07.02 | B50: SUDECAP | C50: FOSSA SEPTICA E SUMIDOURO DN=1,20M H=4,00M | D50: UN | E50: 7072.73
A51: 01.08 | B51: SUDECAP | C51: REDE INTERNA E PROVISORIA DE AGUA E ESGOTO
A52: 01.08.01 | B52: SUDECAP | C52: TUBO PVC D= 100 MM | D52: M | E52: 23.84
A53: 01.08.02 | B53: SUDECAP | C53: TUBO PVC D= 150 MM | D53: M | E53: 50.56
A54: 01.08.03 | B54: SUDECAP | C54: TUBO PVC D= 200 MM | D54: M | E54: 102.77
A55: 01.08.04 | B55: SUDECAP | C55: TUBO PVC D= 250 MM | D55: M | E55: 101.74
A56: 01.08.20 | B56: SUDECAP | C56: TUBO PVC AGUA SOLDA E CONEXOES D=20MM (1/2") | D56: M | E56: 5.81
A57: 01.08.21 | B57: SUDECAP | C57: TUBO PVC AGUA SOLDA E CONEXOES D=25MM (3/4") | D57: M | E57: 6.66
A58: 01.09 | B58: SUDECAP | C58: CONTAINER 6,0X2,30X2,82 M COM ISOLAMENTO TERMICO
A59: 01.09.01 | B59: SUDECAP | C59: MOBILIZACAO DE CONTAINER | D59: UN | E59: 1200
A60: 01.09.02 | B60: SUDECAP | C60: CONTAINER SIMPLES COM AR CONDICIONADO PARA ESCRITÓRIO | D60: MES | E60: 1030
A61: 01.09.03 | B61: SUDECAP | C61: CONTAINER COM SANITÁRIO E AR CONDICIONADO PARA ESCRITÓRIO | D61: MES | E61: 1090
A62: 01.09.11 | B62: SUDECAP | C62: DESMOBILIZAÇÃO DE CONTAINER | D62: UN | E62: 1200
A63: 01.09.12 | B63: SUDECAP | C63: INSTALAÇÕES DE MOBILIÁRIOS PARA CONTAINER TIPO ESCRITÓRIO COM SANITÁRIO | D63: UN | E63: 513.39
A64: 01.09.14 | B64: SUDECAP | C64: INSTALAÇÕES DE MOBILIÁRIOS PARA CONTAINER TIPO REFEITÓRIO | D64: UN | E64: 190.16
A65: 01.09.15 | B65: SUDECAP | C65: INSTALAÇÕES DE MOBILIÁRIOS PARA CONTAINER TIPO DEPÓSITO E FERRAMENTARIA COM LAVATÓRIO | D65: UN | E65: 770.57
A66: 01.09.17 | C66: INSTALAÇÕES DE MOBILIÁRIOS PARA CONTAINER TIPO ESCRITÓRIO SEM SANITÁRIO | D66: UN | E66: 655
A67: 01.09.18 | C67: CONTAINER VESTIÁRIO TIPO I | D67: MES | E67: 1800
A68: 01.09.19 | C68: CONTAINER VESTIÁRIO TIPO II | D68: MES | E68: 2800
A69: 01.09.20 | C69: CONTAINER VESTIÁRIO TIPO III | D69: MES | E69: 3800
A70: 01.09.21 | C70: CONTAINER SIMPLES | D70: MES | E70: 730
A71: 01.09.22 | C71: CONTAINER COM LAVATÓRIO | D71: MES | E71: 790
A72: 01.09.23 | C72: CONTAINER COM SANITÁRIO | D72: MES | E72: 790
A73: 01.09.24 | C73: INSTALAÇÕES DE MOBILIÁRIOS PARA CONTAINER VESTIÁRIO 1 | D73: UN | E73: 116.18
A74: 01.09.25 | C74: INSTALAÇÕES DE MOBILIÁRIOS PARA CONTAINER VESTIÁRIO 2 | D74: UN | E74: 243.3
A75: 01.09.26 | C75: INSTALAÇÕES DE MOBILIÁRIOS PARA CONTAINER VESTIÁRIO 3 | D75: UN | E75: 348.53
A76: 01.10 | B76: SUDECAP | C76: BANHEIRO QUIMICO
A77: 01.10.01 | B77: SUDECAP | C77: BANHEIRO QUIMICO 110X120X230CM COM MANUTENCAO | D77: MES | E77: 680
A78: 01.10.02 | B78: SUDECAP | C78: BANHEIRO QUÍMICO E REBOQUE PARA TRANSPORTE DE BANHEIRO QUÍMICO | D78: MES | E78: 1003.05
A79: 01.11 | B79: SUDECAP | C79: SINALIZAÇAO
A80: 01.11.01 | B80: SUDECAP | C80: PLACA 1,0X0,60M DUPLA FACE CH.GALV. 26 EM CAVALETE | D80: UNMES | E80: 15.37
A81: 01.11.02 | B81: SUDECAP | C81: PLACA 1,0X0,60M CH.26 EM CAVALETE METALON 20X20MM | D81: UNMES | E81: 14.17
A82: 01.11.03 | B82: SUDECAP | C82: PLACA 0,50X0,50M DUPLA FACE CH.GALV.22 EM CAVALETE | D82: UNMES | E82: 11.37
A83: 01.11.04 | B83: SUDECAP | C83: PLACA 0,50X0,50M CH.GALV.22 CAVALETE METALON 20X20 | D83: UNMES | E83: 10.37
A84: 01.11.05 | B84: SUDECAP | C84: INSTALAÇÃO DE FAIXA MORIM 6,00M X 0,80M EM TECIDO COMUM E EUCALIPTO | D84: UN | E84: 113.71
A85: 01.11.06 | B85: SUDECAP | C85: CONE MASTER 75CM BASE DE BORRACHA CORPO POLIETILEN | D85: UN | E85: 131.63
A86: 01.11.07 | B86: SUDECAP | C86: CONE EM PVC H= 75 CM | D86: UN | E86: 40.68
A87: 01.11.08 | B87: SUDECAP | C87: SINALIZADOR ELET.MONOLIGHT LED 60 A 70 FLASHES/MIN | D87: UN | E87: 147.08
A88: 01.12 | C88: VISTORIA CAUTELAR
A89: 01.12.01 | B89: SUDECAP | C89: VISTORIA CAUTELAR - ÁREA CONSTRUÍDA <= 100M2 | D89: UN | E89: 337.39
A90: 01.12.02 | B90: SUDECAP | C90: VISTORIA CAUTELAR - 101M2 < ÁREA CONSTRUÍDA <= 200M2 | D90: UN | E90: 426.25
A91: 01.12.03 | B91: SUDECAP | C91: VISTORIA CAUTELAR - 201M2 < ÁREA CONSTRUÍDA <= 500M2 | D91: UN | E91: 567.47
A92: 01.12.04 | B92: SUDECAP | C92: VISTORIA CAUTELAR - 501M2 < ÁREA CONSTRUÍDA <= 2000M2 | D92: UN | E92: 824.6
A93: 01.12.05 | B93: SUDECAP | C93: VISTORIA CAUTELAR - 2001M2 < ÁREA CONSTRUÍDA <= 7000M2 | D93: UN | E93: 1377.28
A94: 01.12.06 | B94: SUDECAP | C94: VISTORIA CAUTELAR - ÁREA CONSTRUÍDA > 7001M2 | D94: UN | E94: 1937.45
A95: 01.13 | B95: SUDECAP | C95: GERENCIAMENTO DE RESÍDUOS DA CONSTRUÇÃO CIVIL
A96: 01.13.01 | B96: SUDECAP | C96: BAIA SIMPLES PARA RESÍDUOS DA CONSTRUÇÃO CIVIL | D96: UN | E96: 1641.82
A97: 01.13.02 | B97: SUDECAP | C97: BAIA DUPLA PARA RESÍDUOS DA CONSTRUÇÃO CIVIL | D97: UN | E97: 2809.59
A98: 01.13.03 | B98: SUDECAP | C98: PLACA IDENTIFCAÇÃO RESÍDUOS-PGRCC, CONFORME RESOLUÇÃO CONAMA-RDC Nº 275/01,EM LONA (BANNER), (30X30)CM | D98: UN | E98: 45.72
A100: 01.13.04 | B100: SUDECAP | C100: FORNECIMENTO BIG BAG P/ RESÍDUOS COMUNS-CAP. APROX.1M3, PADRÃO CLUB FARM OU EQUIVALENTE | D100: UN | E100: 42.48
A101: 01.13.05 | B101: SUDECAP | C101: FORNECIMENTO LIXEIRA PLÁSTICA C/ TAMPA VAI-VEM - 100 LITROS, PADRÃO Q100 WEBPLASTICO/EQUIVALENTE | D101: UN | E101: 143.54
A102: 01.13.06 | B102: SUDECAP | C102: FORNECIMENTO DE LONA REFORÇADA DE POLIETILENO PARA COBERTURA DE CAÇAMBA (4Mx4M), 600 MICRA | D102: UN | E102: 144.9
A103: 01.13.07 | B103: SUDECAP | C103: FORNECIMENTO DE BOMBONA BOCA LARGA PARA RESÍDUOS CLASSE B - 100 LITROS | D103: UN | E103: 406.9
A104: 01.14 | B104: SUDECAP | C104: SERVIÇOS AUXILIARES DE INSTALAÇÃO DE OBRA
A105: 01.14.01 | B105: SUDECAP | C105: PORTA EM COMPENSADO RESINADO 10MM 80X210CM | D105: UN | E105: 117.9
A106: 01.14.02 | B106: SUDECAP | C106: CONJUNTO MESA (130X60CM) E 2 BANCOS (130X40CM) EM MADEIRITE | D106: CJ | E106: 321.88
A107: 01.14.03 | B107: SUDECAP | C107: BANCO (130X40CM) EM MADEIRITE, PARA VESTIARIO | D107: UN | E107: 95.52
A108: 01.14.04 | B108: SUDECAP | C108: MAPOTECA PARA PROJETO 1,40X1,10X1,40M E PEÇA 8X8 CM | D108: UN | E108: 141.44
...

Sheet CAPA
B16: Anexo A – SAAE_SST-AG000-PE-QNT-R00
B18: CONTRATAÇÃO DE EMPRESA ESPECIALIZADA PARA PRESTAÇÃO DE SERVIÇOS DE ENGENHARIA DE SAÚDE E SEGURANÇA DO TRABALHO

Sheet BDI
A1: COMPOSIÇÃO ANALÍTICA DA TAXA DE BENEFÍCIOS E DESPESAS INDIRETAS (BDI)
B3: MUNICÍPIO: VIÇOSA - MG
B4: SERVIÇO: CONTRATAÇÃO DE EMPRESA ESPECIALIZADA PARA PRESTAÇÃO DE SERVIÇOS DE ENGENHARIA DE SAÚDE E SEGURANÇA DO TRABALHO
A5: Componentes do BDI – Estudos e Projetos, Planos e Gerenciamento e Outros Correlatos (Acórdão TCU nº 2622/2013) - DESONERADO
C6: 1º Quartil | D6: 2º Quartil | E6: 3º Quartil | F6: 4º Quartil | G6: Adotado
A7: 1.0 | B7: CUSTOS INDIRETOS | G7: =SUM(G8:G9) -> 0.15
A8: 1.1 | B8: Encargos Sociais Incidentes sobre a mão de obra (K1) | C8: 0.0343 | D8: 0.042 | E8: 0.0671 | F8: 0.0837 | G8: 0
A9: 1.2 | B9: Administração Central da empresa ou consultoria (K2) | C9: 0.0028 | D9: 0.0041 | E9: 0.0075 | F9: 0.0093 | G9: 0.15
A11: 2.0 | B11: TRIBUTOS | G11: =SUM(G12:G15) -> 0.0865
A12: 2.1 | B12: PIS | C12: - | D12: - | E12: - | F12: - | G12: 0.0065
A13: 2.2 | B13: COFINS | C13: - | D13: - | E13: - | F13: - | G13: 0.03
A14: 2.3 | B14: CPRB | C14: - | D14: - | E14: - | F14: - | G14: 0
A15: 2.4 | B15: ISS | C15: - | D15: - | E15: - | F15: - | G15: 0.05
A17: 3.0 | B17: LUCRO | G17: =G18 -> 0.0937
A18: 3.1 | B18: Margem Bruta da Empresa de Consultoria (K3) | C18: 0.0703 | D18: 0.0937 | E18: 0.1171 | F18: 0.14 | G18: 0.0937
A20: 4.0 | B20: TAXA TOTAL DE BDI | G20: =(((1+G8+G9)*(1+G18))/(1-(G12+G13+G14+(G15/2)))-1) -> 0.34017581
A22: Segundo Acórdão 2622/2013 do Tribunal de Contas da União – TCU, o cálculo do BDI deve ser feito da seguinte maneira:
A25: K1 → Encargos Sociais Incidentes sobre a mão de obra
A26: K2 → Administração Central da empresa ou consultoria - overhead
A27: K3 → Margem Bruta da Empresa de Consultoria
A28: PIS → Tributos (Imposto PIS 0,65%)
A29: COFINS → Tributos (Impostos COFINS 3%)
A30: ISS → Tribustos (ISS, variável de acordo com o município)
A31: CPRB → Tributos (Contribuição Previdenciária sobre Receita Bruta - 0% ou 4,5%-Desonerado)
A32: Conforme legislação tributária municipal, definir estimativa de percentual da base de cálculo para o ISS: 50% Sobre a base de cálculo, definir a respectiva alíquota do ISS (entre 2% e 5%): 5,00
A33: Declaro para os devidos fins que, conforme legislação tributária municipal, a base de cálculo deste tipo de obra corresponde a 5%, com a respectiva alíquota de 5%. Declaro para os devidos fins que o regime de Contribuição Previdenciária sobre a Receita Bruta adotado para elaboração do orçamento foi SEM DESONERAÇÃO, e que esta é a alternativa mais adequada para a Administração.
A34: Observações: Para a presente planilha foram adotados dois critérios de cálculo de BDI, em conformidade com o Acórdão TCU nº 2.622/2013: A adoção de BDIs distintos visa evitar distorções e bitributação, assegurando maior aderência às normas fiscais vigentes e ao entendimento consolidado pelo TCU, ainda que em muitas planilhas orçamentárias adote-se, por simplificação, apenas um tipo de BDI para todos os itens.
A35: Data:
... A40: Cargo:

Sheet PLANILHA ORÇAMENTÁRIA
A1: Nº | B1: SAAE / SERVIÇO AUTÔNOMO DE ÁGUA E ESGOTO AUTARQUIA MUNICIPAL
B2: PLANILHA ORÇAMENTÁRIA | J2: BDI 1 (SERVIÇOS) | K2: REGIME PREVIDENCIÁRIO
B3: =BDI!B4 -> SERVIÇO: CONTRATAÇÃO DE EMPRESA ESPECIALIZADA PARA PRESTAÇÃO DE SERVIÇOS DE ENGENHARIA DE SAÚDE E SEGURANÇA DO TRABALHO | J3: =BDI!G20 -> 0.34017581 | K3: DESONERADO
B4: REFERÊNCIA: SICOR 04/2025; SINAPI 07/2025
B5: REFER. | C5: CÓDIGO | D5: ESPECIFICAÇÃO DO SERVIÇO | E5: UNID. | F5: QTDE. | G5: PREÇO UNIT. SEM BDI | I5: BDI | J5: PREÇO UNIT. COM BDI | K5: TOTAL
A6: LOTE 01
A7: 01 | C7: Programa de Gerenciamento de Riscos (PGR) | K7: =K8 -> 12567.874
A8: 01.01 | B8: COTAÇÃO | C8: COT-001 | D8: Elaboração do Programa de Gerenciamento de Riscos (PGR), em conformidade com a NR-01 (Gerenciamento de Riscos Ocupacionais – GRO), contemplando todos os setores, unidades e atividades do SAAE Viçosa. | E8: SERV. | F8: 1 | G8: =COTAÇÕES!G7 -> 9377.78 | H8: 2 | I8: =IF(H8=1,#REF!,IF(H8=2,$J$3,"ERRO: valor inválido")) -> 0.34017581 | J8: =G8*(1+I8) -> 12567.874 | K8: =F8*J8 -> 12567.874
J9: TOTAL DO ITEM 01 | K9: =K7 -> 12567.874
A10: 02 | C10: Laudo Técnico das Condições Ambientais do Trabalho (LTCAT) | K10: =K11 -> 15311.509
A11: 01.01 | B11: COTAÇÃO | C11: COT-003 | D11: Elaboração do Laudo Técnico das Condições Ambientais do Trabalho (LTCAT), conforme o art. 58 da Lei nº 8.213/1991 e as NRs 15 e 16, com identificação e avaliação de agentes físicos, químicos e biológicos. | E11: SERV. | F11: 1 | G11: =COTAÇÕES!G20 -> 11425 | H11: 2 | I11: =IF(H11=1,#REF!,IF(H11=2,$J$3,"ERRO: valor inválido")) -> 0.34017581 | J11: =G11*(1+I11) -> 15311.509 | K11: =F11*J11 -> 15311.509
J12: TOTAL DO ITEM 03 | K12: =K10 -> 15311.509
A13: 03 | C13: Consultoria / Assessoria | K13: =K14 -> 50627.768
A14: 01.03 | B14: COMPOSIÇÃO | C14: CPU-001 | D14: Prestação de Consultoria Técnica Especializada para implantação e acompanhamento das ações de SST e adequação ao eSocial (eventos S-2210, S-2220 e S-2240), com dedicação mensal de 40 (quarenta) horas. | E14: MÊS | F14: 12 | G14: 3148.08 | H14: 2 | I14: =IF(H14=1,#REF!,IF(H14=2,$J$3,"ERRO: valor inválido")) -> 0.34017581 | J14: =G14*(1+I14) -> 4218.9807 | K14: =F14*J14 -> 50627.768
J15: TOTAL DO ITEM 04 | K15: =SUM(K13) -> 50627.768
A16: LOTE 02
A17: 01 | C17: Programa de Controle Médico de Saúde Ocupacional (PCMSO) | K17: =K18 -> 5128.4061
A18: 02.01 | B18: COTAÇÃO | C18: COT-002 | D18: Elaboração do Programa de Controle Médico de Saúde Ocupacional (PCMSO), conforme a NR-07, com base nas informações e riscos levantados no PGR, sem a realização de exames médicos ou laboratoriais. | E18: SERV. | F18: 1 | G18: =COTAÇÕES!G14 -> 3826.6667 | H18: 2 | I18: =IF(H18=1,#REF!,IF(H18=2,$J$3,"ERRO: valor inválido")) -> 0.34017581 | J18: =G18*(1+I18) -> 5128.4061 | K18: =F18*J18 -> 5128.4061
G19: =SUM(G9) -> 0 | J19: TOTAL DO ITEM 02 | K19: =K17 -> 5128.4061
J20: PREÇO MÁXIMO GLOBAL COM BDI | K20: =K9+K19+K12+K15 -> 83635.557

Sheet CPU
A1: SAAE / PREFEITURA MUNICIPAL DE VIÇOSA
B2: CPU - COMPOSIÇÃO DE CUSTO UNITÁRIO
B3: =BDI!B4 -> SERVIÇO: CONTRATAÇÃO DE EMPRESA ESPECIALIZADA PARA PRESTAÇÃO DE SERVIÇOS DE ENGENHARIA DE SAÚDE E SEGURANÇA DO TRABALHO | F3: BDI 2 (SERVIÇOS) | G3: BDI 1 (MAT. E EQUIP.)
B4: ='PLANILHA ORÇAMENTÁRIA'!B4 -> REFERÊNCIA: SICOR 04/2025; SINAPI 07/2025 | F4: =BDI!G20 -> 0.34017581 | G4: -
A5: CPU-001 | B5: Prestação de Consultoria Técnica Especializada para implantação e acompanhamento das ações de SST e adequação ao eSocial (eventos S-2210, S-2220 e S-2240), com dedicação mensal de 40 (quarenta) horas. | F5: TIPO TABELA: | G5: Desonerada
F6: INSUMO: | G6: SERVIÇO | J6: 45870
F7: UNIDADE | G7: MÊS
F8: DATA | G8: =$J$6 -> 45870 | K8: UN.
A9: CÓDIGO | B9: (A) EQUIPAMENTO | C9: UNIDADE | D9: UTILIZAÇÃO | E9: CUSTO OPERACIONAL | G9: CUSTO TOTAL (R$) | K9: M
A10: MATED-16334 | B10: CUSTO VARIÁVEL - VEÍCULO TIPO SEDAN, OBEDECIDOS OS SEGUINTES REQUISITOS MÍNIMOS: TER NO MÁXIMO UM (1) ANO DE USO, ATÉ 20.000KM RODADOS, POTÊNCIA MÍNIMA DE 100CV, DIREÇÃO ASSISTIDA, AR CONDICIONADO, DESEMBAÇADOR DE VIDROS, RÁDIO AM/FM, EMPLACADO, COM SEGUR | C10: KM | D10: 100 | E10: 1.08 | G10: =E10*D10 -> 108 | K10: M2
A11: MATED-3886 | B11: GASOLINA (TIPO: COMUM) | C11: L | D11: 10 | E11: 5.84 | G11: =E11*D11 -> 58.4
A12: INSUMO | B12: EQUIPAMENTOS DE INFORMÁTICA | C12: MES | D12: 1 | E12: 120 | G12: =E12*D12 -> 120
A13: (A) TOTAL: | G13: =SUM(G10:G12) -> 286.4
A14: CÓDIGO | B14: (B) MÃO DE OBRA | C14: UNIDADE | D14: QUANTIDADE | E14: CUSTO UNITÁRIO (R$) | G14: CUSTO TOTAL (R$)
A15: SICOR CO-27339 | B15: ENGENHEIRO/ARQUITETO, NÍVEL CONSULTOR, INCLUSIVE ENCARGOS COMPLEMENTARES | C15: HORA | D15: 16 | E15: 219.89 | G15: =E15*D15 -> 3518.24
A16: SINAPI 100309 | B16: TÉCNICO EM SEGURANÇA DO TRABALHO COM ENCARGOS COMPLEMENTARES | C16: H | D16: 24 | E16: 42.55 | G16: =E16*D16 -> 1021.2
A17: (B) TOTAL | G17: =SUM(G15:G16) -> 4539.44
A18: (C) PRODUÇÃO DA EQUIPE: | C18: 1 | D18: CUSTO HORÁRIO TOTAL (A) + (B): | G18: =G17+G13 -> 4825.84
A19: (D) CUSTO HORÁRIO DE EXECUÇÃO (A+B) / (C) = (D): | G19: =G18/C18 -> 4825.84
A20: CÓDIGO | B20: (E) MATERIAIS | C20: UNIDADE | D20: QUANTIDADE | E20: UTIL. | F20: CUSTO UNIT | G20: CUSTO TOTAL (R$)
A21: (E) TOTAL | G21: 0
A22: CÓDIGO | B22: (F) SERVIÇOS AUXILIARES | C22: UNIDADE | D22: QUANTIDADE | F22: CUSTO UNIT | G22: CUSTO TOTAL (R$)
A23: (F) TOTAL | G23: 0
A24: OBS: | D24: (G) CUSTO DIRETO (D) + (E) + (F) | G24: =G23+G21+G19 -> 4825.84
D25: (H) BDI | F25: =F4 -> 0.34017581 | G25: =G24*F25 -> 1641.634
D26: (I) VALOR UNITÁRIO (G) + (H) | G26: =G24+G25 -> 6467.474
A27: ELABORADO POR: ENGº RUAN DIEGO ESTEFENSON FERREIRA | D27: CONTRATADO:

Sheet COTAÇÕES
A1: Nº | B1: SAAE / SERVIÇO AUTÔNOMO DE ÁGUA E ESGOTO AUTARQUIA MUNICIPAL
B2: PLANILHA ORÇAMENTÁRIA | J2: BDI 1 (SERVIÇOS) | K2: REGIME PREVIDENCIÁRIO
B3: =BDI!B4 -> SERVIÇO: CONTRATAÇÃO DE EMPRESA ESPECIALIZADA PARA PRESTAÇÃO DE SERVIÇOS DE ENGENHARIA DE SAÚDE E SEGURANÇA DO TRABALHO | J3: =BDI!G20 -> 0.34017581 | K3: DESONERADO
B4: ='PLANILHA ORÇAMENTÁRIA'!B4 -> REFERÊNCIA: SICOR 04/2025; SINAPI 07/2025
B5: REFER. | C5: CÓDIGO | D5: ESPECIFICAÇÃO DO SERVIÇO | E5: UNID. | F5: QTDE. | G5: PREÇO UNIT. SEM BDI | I5: BDI | J5: PREÇO UNIT. COM BDI | K5: TOTAL
A6: 01 | C6: Programa de Gerenciamento de Riscos (PGR) | K6: =K7 -> 12567.874
A7: 01.01.01 | B7: COTAÇÃO | C7: COT-001 | D7: Elaboração do Programa de Gerenciamento de Riscos (PGR), em conformidade com a NR-01 (Gerenciamento de Riscos Ocupacionais – GRO), contemplando todos os setores, unidades e atividades do SAAE Viçosa. | E7: SERV. | F7: 1 | G7: =SUM(G8:G10)/3 -> 9377.78 | H7: 2 | I7: =IF(H7=1,#REF!,IF(H7=2,$J$3,"ERRO: valor inválido")) -> 0.34017581 | J7: =G7*(1+I7) -> 12567.874 | K7: =F7*J7 -> 12567.874
B8: BANCO DE PREÇOS | C8: VENCEDOR DO PREGÃO | D8: 14.979.319/0001-15 - PREVSEGUR LTDA | E8: SERV. | F8: 1 | G8: 6666.67 | H8: 2 | I8: =IF(H8=1,#REF!,IF(H8=2,$J$3,"ERRO: valor inválido")) -> 0.34017581 | J8: =G8*(1+I8) -> 8934.5099 | K8: =F8*J8 -> 8934.5099
B9: BANCO DE PREÇOS | C9: VENCEDOR DO PREGÃO | D9: 33.000.693/0001-71 - R A J R SEGURANCA DO TRABALHO E SAUDE OCUPACIONAL LTDA | E9: SERV. | F9: 1 | G9: 5000 | H9: 2 | I9: =IF(H9=1,#REF!,IF(H9=2,$J$3,"ERRO: valor inválido")) -> 0.34017581 | J9: =G9*(1+I9) -> 6700.8791 | K9: =F9*J9 -> 6700.8791
B10: BANCO DE PREÇOS | C10: MÉDIA DAS PROPOSTAS INICIAIS | D10: CNPJ: 18.675.983/0001-21 Órgão: Prefeitura Municipal de Pouso Alegre * Média das 3 Melhores Propostas Iniciais Inc. II Art. 5º da IN 65 de 07 de Julho de 2021 (Lei nº 14.133) | E10: SERV. | F10: 1 | G10: 16466.67 | H10: 2 | I10: =IF(H10=1,#REF!,IF(H10=2,$J$3,"ERRO: valor inválido")) -> 0.34017581 | J10: =G10*(1+I10) -> 22068.233 | K10: =F10*J10 -> 22068.233
G12: =SUM(G5) -> 0 | J12: TOTAL DO ITEM 01 | K12: =K6 -> 12567.874
A13: 02 | C13: Programa de Controle Médico de Saúde Ocupacional (PCMSO) | K13: =K14 -> 5128.4061
A14: 02.01.01 | B14: COTAÇÃO | C14: COT-002 | D14: Elaboração do Programa de Controle Médico de Saúde Ocupacional (PCMSO), conforme a NR-07, com base nas informações e riscos levantados no PGR, sem a realização de exames médicos ou laboratoriais. | E14: SERV. | F14: 1 | G14: =SUM(G15:G17)/3 -> 3826.6667 | H14: 2 | I14: =IF(H14=1,#REF!,IF(H14=2,$J$3,"ERRO: valor inválido")) -> 0.34017581 | J14: =G14*(1+I14) -> 5128.4061 | K14: =F14*J14 -> 5128.4061
B15: BANCO DE PREÇOS | C15: VENCEDOR DO PREGÃO | D15: 33.000.693/0001-71 - R A J R SEGURANCA DO TRABALHO E SAUDE OCUPACIONAL LTDA | E15: SERV. | F15: 1 | G15: 5000 | H15: 2 | I15: =IF(H15=1,#REF!,IF(H15=2,$J$3,"ERRO: valor inválido")) -> 0.34017581 | J15: =G15*(1+I15) -> 6700.8791 | K15: =F15*J15 -> 6700.8791
B16: BANCO DE PREÇOS | C16: VENCEDOR DO PREGÃO | D16: 57.432.702/0001-61 - A. A. BOAVENTURA LTDA | E16: SERV. | F16: 1 | G16: 3480 | H16: 2 | I16: =IF(H16=1,#REF!,IF(H16=2,$J$3,"ERRO: valor inválido")) -> 0.34017581 | J16: =G16*(1+I16) -> 4663.8118 | K16: =F16*J16 -> 4663.8118
B17: BANCO DE PREÇOS | C17: VENCEDOR DO PREGÃO | D17: 56.153.790/0001-08 - AMBRAC SEGURANCA E MEDICINA DO TRABALHO LTDA | E17: SERV. | F17: 1 | G17: 3000 | H17: 2 | I17: =IF(H17=1,#REF!,IF(H17=2,$J$3,"ERRO: valor inválido")) -> 0.34017581 | J17: =G17*(1+I17) -> 4020.5274 | K17: =F17*J17 -> 4020.5274
G18: =SUM(G12) -> 0 | J18: TOTAL DO ITEM 02 | K18: =K13 -> 5128.4061
A19: 03 | C19: Laudo Técnico das Condições Ambientais do Trabalho (LTCAT) | K19: =K20 -> 15311.509
A20: 03.01.01 | B20: COTAÇÃO | C20: COT-003 | D20: Elaboração do Laudo Técnico das Condições Ambientais do Trabalho (LTCAT), conforme o art. 58 da Lei nº 8.213/1991 e as NRs 15 e 16, com identificação e avaliação de agentes físicos, químicos e biológicos. | E20: SERV. | F20: 1 | G20: =SUM(G21:G23)/3 -> 11425 | H20: 2 | I20: =IF(H20=1,#REF!,IF(H20=2,$J$3,"ERRO: valor inválido")) -> 0.34017581 | J20: =G20*(1+I20) -> 15311.509 | K20: =F20*J20 -> 15311.509
B21: BANCO DE PREÇOS | C21: VENCEDOR DO PREGÃO | D21: 14.117.450/0001-73 - MERITO - CONSULTORIA, ASSESSORIA OCUPACIONAL E SERVICOS EIRELI | E21: SERV. | F21: 1 | G21: 10300 | H21: 2 | I21: =IF(H21=1,#REF!,IF(H21=2,$J$3,"ERRO: valor inválido")) -> 0.34017581 | J21: =G21*(1+I21) -> 13803.811 | K21: =F21*J21 -> 13803.811
B22: BANCO DE PREÇOS | C22: VENCEDOR DO PREGÃO | D22: 15.641.108/0001-30 - RH MEDICINA DO TRABALHO LTDA | E22: SERV. | F22: 1 | G22: 10000 | H22: 2 | I22: =IF(H22=1,#REF!,IF(H22=2,$J$3,"ERRO: valor inválido")) -> 0.34017581 | J22: =G22*(1+I22) -> 13401.758 | K22: =F22*J22 -> 13401.758
B23: BANCO DE PREÇOS | C23: MÉDIA DAS PROPOSTAS INICIAIS | D23: CNPJ: 83.021.857/0001-15 Órgão: MUNICIPIO DE PINHALZINHO * Média das 3 Melhores Propostas Iniciais Inc. II Art. 5º da IN 65 de 07 de Julho de 2021 (Lei nº 14.133) | E23: SERV. | F23: 1 | G23: 13975 | H23: 2 | I23: =IF(H23=1,#REF!,IF(H23=2,$J$3,"ERRO: valor inválido")) -> 0.34017581 | J23: =G23*(1+I23) -> 18728.957 | K23: =F23*J23 -> 18728.957
G24: =SUM(G18) -> 0 | J24: TOTAL DO ITEM 03 | K24: =K19 -> 15311.509

Sheet CURVA ABC
B1: SAAE / SERVIÇO AUTÔNOMO DE ÁGUA E ESGOTO AUTARQUIA MUNICIPAL
B2: CURVA ABC | O2: TIPO TABELA: Onerada | P2: =J2 -> 0 | Q2: =K2 -> 0
B3: =BDI!B4 -> SERVIÇO: CONTRATAÇÃO DE EMPRESA ESPECIALIZADA PARA PRESTAÇÃO DE SERVIÇOS DE ENGENHARIA DE SAÚDE E SEGURANÇA DO TRABALHO | G3: ='PLANILHA ORÇAMENTÁRIA'!B4 -> REFERÊNCIA: SICOR 04/2025; SINAPI 07/2025 | V3: =#REF! -> #REF! | W3: =V3-V4 -> #REF!
A4: Nº | B4: REF. | C4: CÓDIGO | D4: ITEM | E4: UNIDADE | F4: QTDE. TOTAL | G4: VALOR UNIT. SEM BDI | I4: BDI | J4: VALOR UNIT. C/ BDI | K4: VALOR TOTAL | L4: % | M4: %ACUM. | N4: CONCEITO | O4: VALOR UNIT. SEM BDI | P4: VALOR UNIT. C/ BDI | Q4: VALOR TOTAL | R4: % | S4: %ACUM. | T4: CONCEITO | V4: =#REF! -> #REF!
A5: ='PLANILHA ORÇAMENTÁRIA'!A14 -> 01.03 | B5: ='PLANILHA ORÇAMENTÁRIA'!B14 -> COMPOSIÇÃO | C5: ='PLANILHA ORÇAMENTÁRIA'!C14 -> CPU-001 | D5: ='PLANILHA ORÇAMENTÁRIA'!D14 -> Prestação de Consultoria Técnica Especializada para implantação e acompanhamento das ações de SST e adequação ao eSocial (eventos S-2210, S-2220 e S-2240), com dedicação mensal de 40 (quarenta) horas. | E5: ='PLANILHA ORÇAMENTÁRIA'!E14 -> MÊS | F5: ='PLANILHA ORÇAMENTÁRIA'!F14 -> 12 | G5: ='PLANILHA ORÇAMENTÁRIA'!G14 -> 3148.08 | H5: ='PLANILHA ORÇAMENTÁRIA'!H14 -> 2 | ... K5: ='PLANILHA ORÇAMENTÁRIA'!K14 -> 50627.768 | L5: =K5/$K$9 -> 0.60533785 | M5: =0+L5 -> 0.60533785 | N5: =IF(M5<80%,"A",IF(AND(M5>80%,M5<95%),"B",IF(M5>95%,"C",FALSE))) -> A
A6: ='PLANILHA ORÇAMENTÁRIA'!A11 -> 01.01 | B6: ='PLANILHA ORÇAMENTÁRIA'!B11 -> COTAÇÃO | C6: ='PLANILHA ORÇAMENTÁRIA'!C11 -> COT-003 | D6: ='PLANILHA ORÇAMENTÁRIA'!D11 -> Elaboração do Laudo Técnico das Condições Ambientais do Trabalho (LTCAT), conforme o art. 58 da Lei nº 8.213/1991 e as NRs 15 e 16, com identificação e avaliação de agentes físicos, químicos e biológicos. | E6: ='PLANILHA ORÇAMENTÁRIA'!E11 -> SERV. | F6: ='PLANILHA ORÇAMENTÁRIA'!F11 -> 1 | G6: ='PLANILHA ORÇAMENTÁRIA'!G11 -> 11425 | H6: ='PLANILHA ORÇAMENTÁRIA'!H11 -> 2 | ... K6: ='PLANILHA ORÇAMENTÁRIA'!K11 -> 15311.509 | L6: =K6/$K$9 -> 0.18307415 | M6: =M5+L6 -> 0.788412 | N6: =IF(M6<80%,"A",IF(AND(M6>80%,M6<95%),"B",IF(M6>95%,"C",FALSE))) -> A
A7: ='PLANILHA ORÇAMENTÁRIA'!A8 -> 01.01 | B7: ='PLANILHA ORÇAMENTÁRIA'!B8 -> COTAÇÃO | C7: ='PLANILHA ORÇAMENTÁRIA'!C8 -> COT-001 | D7: ='PLANILHA ORÇAMENTÁRIA'!D8 -> Elaboração do Programa de Gerenciamento de Riscos (PGR), em conformidade com a NR-01 (Gerenciamento de Riscos Ocupacionais – GRO), contemplando todos os setores, unidades e atividades do SAAE Viçosa. | E7: ='PLANILHA ORÇAMENTÁRIA'!E8 -> SERV. | F7: ='PLANILHA ORÇAMENTÁRIA'!F8 -> 1 | G7: ='PLANILHA ORÇAMENTÁRIA'!G8 -> 9377.78 | H7: ='PLANILHA ORÇAMENTÁRIA'!H8 -> 2 | ... K7: ='PLANILHA ORÇAMENTÁRIA'!K8 -> 12567.874 | L7: =K7/$K$9 -> 0.15026951 | M7: =M6+L7 -> 0.93868151 | N7: =IF(M7<80%,"A",IF(AND(M7>80%,M7<95%),"B",IF(M7>95%,"C",FALSE))) -> B | O7: =#REF! -> #REF! | P7: =#REF! -> #REF! | Q7: =#REF! -> #REF! | R7: =Q7/#REF! -> #REF! | S7: =R7+S6 -> #REF! | T7: =IF(S7<80%,"A",IF(AND(S7>80%,S7<95%),"B",IF(S7>95%,"C",FALSE))) -> #REF!
A8: ='PLANILHA ORÇAMENTÁRIA'!A18 -> 02.01 | B8: ='PLANILHA ORÇAMENTÁRIA'!B18 -> COTAÇÃO | C8: ='PLANILHA ORÇAMENTÁRIA'!C18 -> COT-002 | D8: ='PLANILHA ORÇAMENTÁRIA'!D18 -> Elaboração do Programa de Controle Médico de Saúde Ocupacional (PCMSO), conforme a NR-07, com base nas informações e riscos levantados no PGR, sem a realização de exames médicos ou laboratoriais. | E8: ='PLANILHA ORÇAMENTÁRIA'!E18 -> SERV. | F8: ='PLANILHA ORÇAMENTÁRIA'!F18 -> 1 | G8: ='PLANILHA ORÇAMENTÁRIA'!G18 -> 3826.6667 | H8: ='PLANILHA ORÇAMENTÁRIA'!H18 -> 2 | ... K8: ='PLANILHA ORÇAMENTÁRIA'!K18 -> 5128.4061 | L8: =K8/$K$9 -> 0.061318491 | M8: =M7+L8 -> 1 | N8: =IF(M8<80%,"A",IF(AND(M8>80%,M8<95%),"B",IF(M8>95%,"C",FALSE))) -> C
J9: PREÇO MÁXIMO GLOBAL COM BDI | K9: =SUM(K5:K8) -> 83635.557

Sheet CRON. FIS-FINAN
C1: SERVIÇO AUTÔNOMO DE ÁGUA E ESGOTO AUTARQUIA MUNICIPAL
C2: CRONOGRAMA FÍSICO-FINANCEIRO
C3: =BDI!B4 -> SERVIÇO: CONTRATAÇÃO DE EMPRESA ESPECIALIZADA PARA PRESTAÇÃO DE SERVIÇOS DE ENGENHARIA DE SAÚDE E SEGURANÇA DO TRABALHO
C4: ='PLANILHA ORÇAMENTÁRIA'!B4 -> REFERÊNCIA: SICOR 04/2025; SINAPI 07/2025
A5: LOTE | B5: ITEM | C5: DESCRIÇÃO | D5: VALOR DO ITEM / % DO VALOR DO ITEM | E5: MÊS 01 | F5: MÊS 02 | G5: MÊS 03 | H5: MÊS 04 | I5: MÊS 05 | J5: MÊS 06 | K5: MÊS 07 | L5: MÊS 08 | M5: MÊS 09 | N5: MÊS 10 | O5: MÊS 11 | P5: MÊS 12 | Q5: TOTAL
A7: ='PLANILHA ORÇAMENTÁRIA'!A6 -> LOTE 01 | B7: ='PLANILHA ORÇAMENTÁRIA'!A8 -> 01.01 | C7: ='PLANILHA ORÇAMENTÁRIA'!C7 -> Programa de Gerenciamento de Riscos (PGR) | D7: ='PLANILHA ORÇAMENTÁRIA'!K9 -> 12567.874 | E7: =$D$7*E8 -> 0 | F7: =$D$7*F8 -> 12567.874 | G7: =$D$7*G8 -> 0 | H7: =$D$7*H8 -> 0 | I7: =$D$7*I8 -> 0 | J7: =$D$7*J8 -> 0 | K7: =$D$7*K8 -> 0 | L7: =$D$7*L8 -> 0 | ... P7: =$D$7*P8 -> 0 | Q7: =SUM(E7:P7) -> 12567.874 | S7: =Q7-D7 -> 0
D8: =D7/'PLANILHA ORÇAMENTÁRIA'!$K$20 -> 0.15026951 | E8: 0 | F8: 1 | G8: 0 | H8: 0 | I8: 0 | J8: 0 | K8: 0 | L8: 0 | M8: 0 | N8: 0 | O8: 0 | P8: 0 | Q8: =SUM(E8:P8) -> 1
A9: ='PLANILHA ORÇAMENTÁRIA'!A6 -> LOTE 01 | B9: ='PLANILHA ORÇAMENTÁRIA'!A11 -> 01.01 | C9: ='PLANILHA ORÇAMENTÁRIA'!C17 -> Programa de Controle Médico de Saúde Ocupacional (PCMSO) | D9: ='PLANILHA ORÇAMENTÁRIA'!K19 -> 5128.4061 | E9: =$D$9*E10 -> 5128.4061 | F9: =$D$9*F10 -> 0 | G9: =$D$9*G10 -> 0 | H9: =$D$9*H10 -> 0 | I9: =$D$9*I10 -> 0 | J9: =$D$9*J10 -> 0 | K9: =$D$9*K10 -> 0 | L9: =$D$9*L10 -> 0 | ... P9: =$D$9*P10 -> 0 | Q9: =SUM(E9:P9) -> 5128.4061 | S9: =Q9-D9 -> 0
D10: =D9/'PLANILHA ORÇAMENTÁRIA'!$K$20 -> 0.061318491 | E10: 1 | F10: 0 | G10: 0 | H10: 0 | I10: 0 | J10: 0 | K10: 0 | L10: 0 | M10: 0 | N10: 0 | O10: 0 | P10: 0 | Q10: =SUM(E10:P10) -> 1
A11: ='PLANILHA ORÇAMENTÁRIA'!A6 -> LOTE 01 | B11: ='PLANILHA ORÇAMENTÁRIA'!A14 -> 01.03 | C11: ='PLANILHA ORÇAMENTÁRIA'!C10 -> Laudo Técnico das Condições Ambientais do Trabalho (LTCAT) | D11: ='PLANILHA ORÇAMENTÁRIA'!K12 -> 15311.509 | E11: =$D$11*E12 -> 0 | F11: =$D$11*F12 -> 0 | G11: =$D$11*G12 -> 15311.509 | H11: =$D$11*H12 -> 0 | I11: =$D$11*I12 -> 0 | J11: =$D$11*J12 -> 0 | K11: =$D$11*K12 -> 0 | L11: =$D$11*L12 -> 0 | ... P11: =$D$11*P12 -> 0 | Q11: =SUM(E11:P11) -> 15311.509 | S11: =Q11-D11 -> 0
D12: =D11/'PLANILHA ORÇAMENTÁRIA'!$K$20 -> 0.18307415 | E12: 0 | F12: 0 | G12: 1 | H12: 0 | I12: 0 | J12: 0 | K12: 0 | L12: 0 | M12: 0 | N12: 0 | O12: 0 | P12: 0 | Q12: =SUM(E12:P12) -> 1
A13: ='PLANILHA ORÇAMENTÁRIA'!A16 -> LOTE 02 | B13: ='PLANILHA ORÇAMENTÁRIA'!A18 -> 02.01 | C13: ='PLANILHA ORÇAMENTÁRIA'!C13 -> Consultoria / Assessoria | D13: ='PLANILHA ORÇAMENTÁRIA'!K15 -> 50627.768 | E13: =$D$13*E14 -> 4218.9807 | F13: =$D$13*F14 -> 4218.9807 | G13: =$D$13*G14 -> 4218.9807 | H13: =$D$13*H14 -> 4218.9807 | I13: =$D$13*I14 -> 4218.9807 | J13: =$D$13*J14 -> 4218.9807 | K13: =$D$13*K14 -> 4218.9807 | L13: =$D$13*L14 -> 4218.9807 | ... P13: =$D$13*P14 -> 4218.9807 | Q13: =SUM(E13:P13) -> 50627.768 | S13: =Q13-D13 -> 0
D14: =D13/'PLANILHA ORÇAMENTÁRIA'!$K$20 -> 0.60533785 | E14: =1/12 -> 0.083333333 | F14: =1/12 -> 0.083333333 | G14: =1/12 -> 0.083333333 | H14: =1/12 -> 0.083333333 | I14: =1/12 -> 0.083333333 | J14: =1/12 -> 0.083333333 | K14: =1/12 -> 0.083333333 | L14: =1/12 -> 0.083333333 | ... P14: =1/12 -> 0.083333333 | Q14: =SUM(E14:P14) -> 1
A15: CUSTO TOTAL DA OBRA | D15: =D7+D9+D11+D13 -> 83635.557 | E15: =E7+E9+E11+E13 -> 9347.3868 | F15: =F7+F9+F11+F13 -> 16786.855 | G15: =G7+G9+G11+G13 -> 19530.489 | H15: =H7+H9+H11+H13 -> 4218.9807 | I15: =I7+I9+I11+I13 -> 4218.9807 | J15: =J7+J9+J11+J13 -> 4218.9807 | K15: =K7+K9+K11+K13 -> 4218.9807 | ... Q15: =Q7+Q9+Q11+Q13 -> 83635.557 | S15: =Q15-D15 -> 0
D16: =D8+D10+D12+D14 -> 1 | E16: =E15/$D$15 -> 0.11176331 | F16: =F15/$D$15 -> 0.20071433 | G16: =G15/$D$15 -> 0.23351897 | H16: =H15/$D$15 -> 0.050444821 | I16: =I15/$D$15 -> 0.050444821 | J16: =J15/$D$15 -> 0.050444821 | K16: =K15/$D$15 -> 0.050444821 | L16: =L15/$D$15 -> 0.050444821 | ... P16: =P15/$D$15 -> 0.050444821 | Q16: =SUM(E16:P16) -> 1

Sheet ANEXO I - MEMORIA DE CALCULO
D3: PREFEITURA MUNICIPAL DE BELO HORIZONTE
D4: OBRA: PASSARELA DE LIGAÇÃO ENTRE O HOSPITAL ODILON BEHRENS (HOB)
D11: ANEXO I
D20: MEMÓRIA DE CÁLCULO
